Cogmind - Beta 17.1 @@@ ROGUE MODE // 2026.09.06 @ 00:54:12 Player: H3-MLN Result: Establishing 0b11! Performance ------------- Evolutions (9) 4500 Regions Visited (29) 5800 Robots Destroyed (337) 1685 Value Destroyed (16986) 16986 Prototype IDs (399) 7980 Alien Tech Used (8) 1600 Bonus (74592) 74592 TOTAL SCORE: 113143 Bonus ------- High Alert Combat Kills 3279 Follower Combat Kills 2215 Hunted by Unchained 1000 Destroyed Unchained 1000 Spooked CY-PHR 21500 Aligned with FarCom 300 Met Zhirov 300 MAIN.C Attacked Warlord 500 MAIN.C Attacked Proxy Base 500 Recovered Sigix Corpse 2000 Met MAIN.C 5000 Destroyed MAIN.C Shell 5000 Destroyed MAIN.C 10000 Met Architect 300 Started Test 138-B 500 Destroyed A8 300 Destroyed A6 400 Destroyed A5 500 Destroyed A4 700 Destroyed A3 800 Destroyed A2 1000 Destroyed Architect 15000 Win 3000 Friendly Fire -502 Cogmind --------- Core Integrity 725/1600 Matter 225/300 Energy 489/960 System Corruption 0% Temperature Cool (5) Movement Flying (10) Location 0b11 Command Parts ------- > --- POWER (2) -------- Zero-point Reactor Concept Zero-point Core > --- PROPULSION (8) --- Advanced Surge Thruster Experimental Biomechanical Wings (fused) Experimental Biomechanical Wings Experimental Biomechanical Wings Experimental Surge Thruster Experimental Surge Thruster Concept Fieldthrust Drive Concept Fieldthrust Drive > --- UTILITY (13) ----- Concept Phasing Heat Sink Concept Antigrav Storage Unit Experimental Energy Well Concept Dimensional Manipulator ST Field Compressor Experimental Optical Array Concept Melee Reflex Suite Concept Weapon Articulator Experimental Armor Integrity Analyzer Femtoactuators Femtoactuators Femtoactuators Experimental Weapon Shielding > --- WEAPON (3) ------- Concept Deflector Sword Experimental Jetlance Experimental Jetlance > --- INVENTORY (25) --- Concept Zero-point Core Electron Diverter Concept Chromion Battery (800) Concept NT7 Matterbank (750) Experimental Weapon Cycler Experimental Force Booster Experimental Force Booster Concept Cloak Mesh Improved Weapon Shielding Graphene Brace Concept Impact Drone Bay (3/6) Concept Impact Drone Bay (3/6) Concept Plasma Driver Concept Plasma Driver Concept Plasma Driver Improved Potential Cannon Concept Rapid Grenade Launcher Concept Rapid Grenade Launcher Sigix Corpse Peak State ------------ > --- POWER ------------ Experimental Antimatter Reactor Concept Zero-point Core > --- PROPULSION ------- Experimental Biomechanical Wings Experimental Biomechanical Wings Experimental Biomechanical Wings Experimental Surge Thruster Experimental Surge Thruster Concept Fieldthrust Drive Concept Fieldthrust Drive Concept Fieldthrust Drive > --- UTILITY ---------- Concept Phasing Heat Sink Concept Antigrav Storage Unit Concept Dimensional Manipulator Zeronet Interface Concept Melee Reflex Suite Concept Weapon Articulator Experimental Core Analyzer Experimental Armor Integrity Analyzer Femtoactuators Experimental Force Booster Concept Cloak Mesh Concept Cloak Mesh Improved Powered Armor > --- WEAPON ----------- Concept Deflector Sword Experimental Jetlance > --- INVENTORY -------- Concept Zero-point Core Experimental Surge Thruster Experimental Surge Thruster Experimental Surge Thruster Concept Thermoelectric Network Concept Chromion Battery Concept Chromion Battery Concept NT7 Matterbank Femtoactuators Femtoactuators Experimental Force Booster Concept Impact Drone Bay Concept Impact Drone Bay Transdimensional Reconstructor Concept Plasma Driver Concept Plasma Driver Concept Plasma Driver Concept Plasma Driver Improved Potential Cannon Concept Rapid Grenade Launcher Concept Rapid Grenade Launcher Experimental Jetlance Experimental Jetlance [Rating: 302] Favorites ----------- Power Backup Power VII Engine Ion Engine Power Core Backup Power VII Reactor Zero-point Reactor Propulsion Light Treads Treads Light Treads Leg Centrium Leg Wheel Wheel Hover Unit Cooled Airjet Flight Unit Experimental Surge Thruster Utility Hacking Suite Device Advanced Sensor Array Storage High-capacity Storage Unit Processor Advanced Signal Interpreter Hackware Hacking Suite Protection Medium Armor Plating Weapon Impact Mace Energy Gun Medium Laser Energy Cannon Enhanced Nova Cannon Ballistic Gun Gauss Rifle Ballistic Cannon Light Cannon Launcher Mini Grenade Launcher Special Weapon Plasma Cutter Impact Weapon Impact Mace Slashing Weapon Vibroblade Piercing Weapon Lance Special Melee Weapon Datajack Build | -11 -10 -10 -10 -9 -8 -7 -7 -7 -7 -5 -5 -5 -5 -4 -4 -4 -4 -4 -4 -4 -3 -3 -3 -2 -2 -2 -1 -1 -1 ------- Run | Yrd Mat Min Exi Min Mat Fac Sto Rec Scr Fac Upp Upp War Pro Fac Was Fac Upp Upp Zhi Pro Res Tes Res Qua Frg Acc Com Ac0 Slots Evolved 18 | . . . . . 4 2 . . . 4 . . . . 2 . . . . . . 2 . 2 . . 2 . . Power 1 | . . . . . . . . . . 1 . . . . . . . . . . . . . . . . . . . Propulsion 6 | . . . . . 2 1 . . . 1 . . . . . . . . . . . 1 . 1 . . . . . Utility 11 | . . . . . 2 1 . . . 2 . . . . 2 . . . . . . 1 . 1 . . 2 . . Weapon . | . . . . . . . . . . . . . . . . . . . . . . . . . . . . . . Parts Attached 347 | 7 8 2 2 6 49 21 16 2 4 6 2 3 2 10 11 4 3 . . 1 3 32 23 4 34 54 12 12 14 Power 30 | 1 . . . 1 6 1 . . . . . . 1 1 1 . . . . . 1 5 6 . 2 2 . 2 . Engine 10 | 1 . . . . 5 1 . . . . . . 1 . . . . . . . . 2 . . . . . . . Core 8 | . . . . 1 1 . . . . . . . . 1 . . . . . . . 1 2 . . 1 . 1 . Reactor 12 | . . . . . . . . . . . . . . . 1 . . . . . 1 2 4 . 2 1 . 1 . Propulsion 100 | 2 2 . . 2 16 7 8 2 1 2 . . 1 6 2 1 . . . . . 9 2 2 16 14 2 1 2 Treads 28 | 2 1 . . 2 11 . . . . . . . . 2 . . . . . . . . . . 8 2 . . . Leg 4 | . . . . . . . . . . . . . . . . 1 . . . . . . . . 1 2 . . . Wheel 6 | . 1 . . . 4 . 1 . . . . . . . . . . . . . . . . . . . . . . Hover 15 | . . . . . . . 4 2 . 1 . . 1 2 . . . . . . . . . . 4 1 . . . Flight 47 | . . . . . 1 7 3 . 1 1 . . . 2 2 . . . . . . 9 2 2 3 9 2 1 2 Utility 145 | 2 2 1 1 1 14 8 4 . . 4 2 1 . 2 6 2 3 . . 1 . 15 10 2 11 26 9 9 9 Device 68 | 1 . . . . 5 3 1 . . . 2 1 . . 2 2 2 . . . . 8 5 . 8 14 5 3 6 Storage 13 | 1 1 . 1 . 1 . . . . 1 . . . . 1 . . . . . . 1 1 1 1 2 . . 1 Processor 23 | . . . . . 2 2 1 . . 2 . . . 1 2 . . . . . . 3 . . 1 3 3 2 1 Hackware 13 | . . . . . . 2 1 . . 1 . . . . 1 . 1 . . . . 2 3 1 . . 1 . . Protection 28 | . 1 1 . 1 6 1 1 . . . . . . 1 . . . . . 1 . 1 1 . 1 7 . 4 1 Artifact . | . . . . . . . . . . . . . . . . . . . . . . . . . . . . . . Weapon 72 | 2 4 1 1 2 13 5 4 . 3 . . 2 . 1 2 1 . . . . 2 3 5 . 5 12 1 . 3 Energy Gun 16 | 1 . . . . 4 1 1 . 1 . . 2 . . . . . . . . 2 . 1 . . 3 . . . Energy Cannon 12 | . . . . 1 1 . 1 . . . . . . 1 . . . . . . . . 2 . 2 2 . . 2 Ballistic Gun 11 | 1 2 . . 1 7 . . . . . . . . . . . . . . . . . . . . . . . . Ballistic Cannon 8 | . 1 1 . . 1 . . . . . . . . . . . . . . . . 1 1 . 2 1 . . . Launcher 7 | . 1 . . . . 2 . . . . . . . . . 1 . . . . . . . . . 3 . . . Special Weapon 6 | . . . . . . . 1 . 2 . . . . . 1 . . . . . . 2 . . . . . . . Impact Weapon 2 | . . . . . . . 1 . . . . . . . . . . . . . . . . . . 1 . . . Slashing Weapon 4 | . . . . . . 1 . . . . . . . . . . . . . . . . 1 . 1 . 1 . . Piercing Weapon 4 | . . . . . . . . . . . . . . . 1 . . . . . . . . . . 2 . . 1 Special Melee Weapon 2 | . . . 1 . . 1 . . . . . . . . . . . . . . . . . . . . . . . Unidentified Prototypes 54 | . . . . . 4 1 5 . . 1 . . . . 2 3 . . . 2 . 4 9 1 3 17 1 . 1 Corrupted Parts 3 | . . . . . . . . . . . . . . . . . . . . . . . 1 . . 2 . . . System Corruption 24 | . . . . . . . . . . . . . . . . . . . . . . . 8 . . 16 . . . Parts Lost 96 | . 1 . . . 18 1 . . . . . 1 4 3 2 . 1 . . . . 22 3 2 10 14 1 5 8 Power 12 | . . . . . 1 . . . . . . . 1 . 1 . 1 . . . . 4 1 1 2 . . . . Propulsion 43 | . 1 . . . 9 . . . . . . 1 2 3 . . . . . . . 8 1 1 6 6 . 2 3 Utility 29 | . . . . . 4 . . . . . . . 1 . 1 . . . . . . 7 1 . 2 5 1 2 5 Weapon 12 | . . . . . 4 1 . . . . . . . . . . . . . . . 3 . . . 3 . 1 . Highest Loss Streak 17 | . 1 . . . 8 1 . . . . . 1 3 1 2 . 1 . . . . 17 2 2 5 3 1 3 5 To Critical Strikes 5 | . . . . . . . . . . . . . . . . . . . . . . 1 2 . . 1 . 1 . Average Backups 18 | 2 18 20 19 19 19 15 14 18 19 18 20 20 19 19 14 14 12 12 12 12 16 14 18 16 18 22 23 21 23 Power . | . 1 1 1 1 . . 1 1 1 . . . . . . . . . . . 2 . 1 2 1 . 1 . 1 Propulsion 2 | 1 2 3 2 2 2 2 2 5 4 5 8 8 8 7 2 3 2 2 2 1 1 1 1 1 2 1 3 1 1 Utility 7 | . 6 7 6 7 8 7 6 8 7 4 5 5 4 4 5 4 5 5 5 5 5 6 7 5 6 10 9 10 12 Weapon 5 | . 8 8 8 7 6 3 3 3 3 4 3 3 3 4 3 3 3 3 3 3 4 4 6 6 3 6 9 8 7 Tool/Special . | . . . . . . . . . . . . . . . . . . . . . . . . . . . . . . Unused Backups 66 | . 5 1 . 2 6 8 3 2 4 1 . . 1 . 3 . 1 . . . . 2 4 4 4 6 . 3 6 Power 4 | . . . . . 1 1 1 . . . . . . . . . . . . . . . . 1 . . . . . Propulsion 13 | . 1 . . 1 . . . 1 . . . . . . 2 . . . . . . 1 . 1 3 1 . 1 1 Utility 33 | . 2 1 . 1 . 4 2 1 4 1 . . 1 . 1 . 1 . . . . . 4 1 1 2 . 2 4 Weapon 14 | . 2 . . . 5 3 . . . . . . . . . . . . . . . 1 . . . 2 . . 1 Tool/Special 2 | . . . . . . . . . . . . . . . . . . . . . . . . 1 . 1 . . . Average Slot Usage (%) 92 | . 100 100 88 100 92 89 92 100 99 98 100 97 89 88 96 94 98 94 94 94 98 88 88 90 84 78 98 99 97 Engine 4 | . 14 14 14 13 6 6 4 . . 5 5 5 4 4 5 5 4 . . . 4 3 . . . . . . . Core 2 | . . . . . 2 . 2 7 7 5 5 5 5 5 4 . . . . . . 2 8 7 1 2 4 6 3 Reactor 1 | . . . . . . . . . . . . . . . . 5 5 5 5 5 4 1 . . 5 5 2 1 3 Treads 10 | . 25 28 28 28 25 6 . . . . . . . 7 . . . . . . . . . . 8 13 . . . Hover 5 | . . . . . . . 13 35 37 34 35 32 29 21 . . . . . . . . . . 1 . . . . Flight 12 | . . . . . . 29 22 2 . . . . . . 31 31 31 31 31 31 31 28 25 29 11 3 32 31 31 Device 13 | . 1 . . . 7 11 8 15 15 11 11 11 9 . 6 10 12 15 15 14 14 12 11 12 19 26 30 31 23 Storage 7 | . 14 14 14 14 9 7 7 7 7 5 5 5 5 5 5 9 5 5 5 5 5 5 4 4 4 4 4 4 4 Processor 7 | . . . . . 8 8 9 7 7 10 11 11 11 11 16 15 12 10 10 10 10 8 9 8 7 4 13 15 15 Hackware 5 | . . . . . . 7 10 7 7 10 11 11 11 11 13 10 14 15 15 15 15 15 20 21 9 . . . . Protection 4 | . 12 14 14 14 6 1 . . . . . . . 4 . . . . . . 1 . . . 1 6 1 . 6 Ballistic Gun 2 | . 13 1 . 5 15 3 . . . . . . . . . . . . . . . . . . . . . . . Ballistic Cannon 2 | . 3 26 4 14 1 . . . . . . . . . . . . . . . . . . . . . . . . Impact Weapon 1 | . . . . . . . 2 7 6 . 2 4 3 5 4 5 4 . . . 1 1 . . . . . . . Slashing Weapon 1 | . . . . . . 1 3 7 6 5 5 5 2 . . . . . . . . . . . 5 2 3 3 3 Piercing Weapon 1 | . . . . . . . . . . . . . . . 4 . 4 5 5 5 2 3 4 4 . 1 4 3 4 Peak Build Rating 302 | 7 12 12 12 14 40 41 57 63 65 80 83 83 88 88 99 103 101 89 87 92 102 125 149 153 199 274 294 302 292 Average Rating 108 | 5 11 11 11 12 30 35 43 57 61 76 80 78 76 79 89 93 93 87 87 87 97 107 135 146 168 221 286 291 278 On Entrance 91 | . 7 12 12 11 14 37 33 56 63 59 79 81 76 63 69 92 98 87 87 87 88 97 125 132 142 199 264 294 271 Avg Prop Armor Cover (%) 5 | . 8 . . . 11 1 3 2 . 6 5 5 13 10 . . . . . . . 14 15 2 6 5 . 1 . Naked Turns . | . . . . . . . . . . . . . . . . . . . . . . . . . . . . . . Heaviest Build 164 | 14 58 58 54 59 84 63 43 55 55 49 51 54 62 76 50 67 67 44 44 44 64 99 87 55 139 164 89 106 94 Greatest Support 360 | 40 40 40 40 40 82 82 41 43 60 63 63 69 66 58 52 47 54 54 47 47 47 73 75 68 360 360 96 94 95 Greatest Overweight (x) 8 | . 5 1 1 1 8 1 2 1 1 4 . 1 4 2 1 1 1 . . . 1 4 3 . 2 4 1 1 2 Average Overweight (x) . | . 1 1 . 1 2 . . . . . . . . 1 . . . . . . . . . . . . . . . Largest Inventory Capacity 25 | 8 20 20 20 20 20 20 20 20 20 20 20 20 20 20 15 20 20 15 15 15 20 20 20 20 25 25 25 25 25 Average Capacity 20 | 7 19 20 19 20 20 16 15 19 20 20 20 20 20 19 15 15 15 15 15 15 19 18 20 20 21 25 25 25 25 Most Carried 25 | 4 20 20 20 20 20 20 16 20 20 20 20 20 20 20 15 20 20 15 15 15 20 20 20 20 25 25 25 25 25 Average Carried 19 | 2 18 20 19 19 19 15 14 18 19 17 20 20 19 19 14 14 15 15 15 14 19 16 19 19 21 24 24 23 24 Final Capacity 25 | 8 20 20 20 20 20 15 15 20 20 20 20 20 20 15 15 20 15 15 15 15 20 20 20 20 25 25 25 25 25 Final Carried 25 | 4 20 20 18 20 20 15 15 20 20 20 20 20 20 14 14 20 15 15 15 15 20 20 20 19 25 25 25 25 20 Class Distribution -------------------- 28% | Scavenger-Mutant 25% | Mutant 8% | Sprinter 6% | Hacker-Scout 4% | Hacker-Sprinter 3% | Trapper-Mutant 3% | Hacker-Assassin Dominant Class ---------------- Mutant | -10/Materials Mutant | -10/Mines Mutant | -10/Exiles Mutant | -9/Mines Scavenger-Mutant | -8/Materials Scavenger-Mutant | -7/Factory Scavenger-Scout | -7/Storage Mutant | -7/Recycling Mutant | -7/Scraptown Scavenger-Mutant | -5/Factory Scavenger-Mutant | -5/Upper Caves Scavenger-Mutant | -5/Upper Caves Scavenger-Mutant | -5/Warlord Scavenger-Mutant | -4/Proximity Caves Hacker-Sprinter | -4/Factory Trapper-Mutant | -4/Waste Hacker-Scout | -4/Factory Hacker-Scout | -4/Upper Caves Hacker-Scout | -4/Upper Caves Hacker-Scout | -4/Zhirov Hacker-Assassin | -3/Proximity Caves Hacker-Scout | -3/Research Wizard-Scout | -3/Testing Wizard-Ninja | -2/Research Hacker-Assassin | -2/Quarantine Scavenger-Mutant | -2/Protoforge Ninja | -1/Access Sprinter | -1/Command Sprinter | -1/Access_0 Resources | -11 -10 -10 -10 -9 -8 -7 -7 -7 -7 -5 -5 -5 -5 -4 -4 -4 -4 -4 -4 -4 -3 -3 -3 -2 -2 -2 -1 -1 -1 ----------- Run | Yrd Mat Min Exi Min Mat Fac Sto Rec Scr Fac Upp Upp War Pro Fac Was Fac Upp Upp Zhi Pro Res Tes Res Qua Frg Acc Com Ac0 Matter Collected 11291 | 282 366 178 67 177 1833 657 353 68 65 41 122 107 50 251 533 397 70 65 . 50 90 561 754 199 660 2217 468 310 300 Remotely . | . . . . . . . . . . . . . . . . . . . . . . . . . . . . . . Salvage Created 18802 | 142 645 183 . 129 2843 491 351 92 15 41 89 85 . 258 629 341 192 90 . 125 80 955 706 105 1708 4205 811 1885 1606 Parts 893 | 5 32 5 . 9 156 35 13 6 5 5 3 6 . 11 7 9 10 . . . 5 56 42 9 86 192 40 43 103 Haulers Intercepted 17 | . 2 . . . 5 2 2 . . . . . . . 2 . . . . . . 1 1 . . . 2 . . Recyclers Shooed 4 | . 1 . . . 1 . . . . . . . . . . . . . . . . 1 1 . . . . . . Parts Field Recycled . | . . . . . . . . . . . . . . . . . . . . . . . . . . . . . . Retrieved Matter . | . . . . . . . . . . . . . . . . . . . . . . . . . . . . . . Parts Self-Destructed 18 | . . . . . . . . . . . . 6 . 10 . . . . 2 . . . . . . . . . . Prevented 35 | . . . . . . . . . . . . . . . . . . . . . 35 . . . . . . . . Parts Restored 13 | . . . . . . . . . . . . . . . . . . . . . . . . . . 13 . . . Faulty 13 | . . . . . . . . . . . . . . . . . . . . . . . . . . 13 . . . Kills | -11 -10 -10 -10 -9 -8 -7 -7 -7 -7 -5 -5 -5 -5 -4 -4 -4 -4 -4 -4 -4 -3 -3 -3 -2 -2 -2 -1 -1 -1 ------- Run | Yrd Mat Min Exi Min Mat Fac Sto Rec Scr Fac Upp Upp War Pro Fac Was Fac Upp Upp Zhi Pro Res Tes Res Qua Frg Acc Com Ac0 Combat Hostiles Destroyed 227 | . 11 2 . 7 45 5 2 . . . . 1 . 8 . . . . . . 1 14 2 . 22 82 3 4 18 Melee 59 | . . . . . . . 2 . . . . . . 1 . . . . . . . 3 1 . 13 16 3 4 16 Guns 46 | . 9 . . . 25 5 . . . . . . . 2 . . . . . . 1 2 . . 2 . . . . Cannons 45 | . . 2 . 4 12 . . . . . . . . . . . . . . . . . . . 5 22 . . . AOE 63 | . 2 . . 3 8 . . . . . . 1 . 5 . . . . . . . 7 . . . 37 . . . Classes Destroyed 29 | 3 4 . . 1 8 1 1 1 1 . 1 1 . . . . . . . . . . . . 1 6 . . . Worker 23 | 2 3 . . . 9 . 2 . . 3 . . . . . . 1 . . . . 1 1 . . 1 . . . Builder 17 | . . . . . 3 . . 1 . . . . . . . . 1 . . . . 5 1 1 . . 5 . . Tunneler 2 | 1 . . . . . 1 . . . . . . . . . . . . . . . . . . . . . . . Hauler 17 | . 2 . . . 5 2 2 . . . . . . . 2 . . . . . . 1 1 . . . 2 . . Recycler 23 | 1 3 2 . . 3 1 1 1 . . . . . . 4 . 1 . . . . 2 2 . . . 1 1 . Minesweeper 1 | . . . . . . . . . . . . 1 . . . . . . . . . . . . . . . . . Mechanic 4 | . . . . . . 2 . . . . . . . . . . . . . . . . . . . 2 . . . Operator 5 | . . . . . 2 1 . . . . . . . . . . . . . . . . 1 1 . . . . . Drone 12 | . . . . . . . . 1 . . . . . 2 . . . . . . . 5 . . . 4 . . . Watcher 15 | . 1 . . . 4 . . . . . . . . . . . 1 . . . . . 3 2 2 . 2 . . Swarmer 27 | . 2 . . 5 6 4 . . . . . . . . . . . . . . . 6 . . 4 . . . . Saboteur 3 | . . . . . . . . . . . . . . . . . . . . . . . . . . 3 . . . Grunt 61 | . 9 2 . 1 23 . . . . . . . . 3 . . . . . . 1 . . . . 22 . . . Brawler 8 | . . . . 1 2 . . . . . . . . . . . . . . . . . . . . 5 . . . Duelist 6 | . . . . . 2 . . . . . . . . . . . . . . . . . . . . 4 . . . Protector 2 | . . . . . . . . . . . . . . . . . . . . . . . . . . 2 . . . Researcher 1 | . . . . . . . . . . . . . . . . . . . . . . . . . . 1 . . . Sentry 20 | . . . . . 9 1 1 . . . . . . 1 . . . . . . . . . . 1 7 . . . Specialist 2 | . . . . . 2 . . . . . . . . . . . . . . . . . . . . . . . . Hunter 13 | . . . . . 1 . . . . . . 1 . . . . . . . . . . . . 5 4 . 2 . Programmer 39 | . . . . . . . 1 . . . . . . 2 . . . . . . . 3 1 . 11 19 2 . . Heavy 1 | . . . . . 1 . . . . . . . . . . . . . . . . . . . . . . . . Enhanced Grunt 7 | . . . . . . . . . . . . . . . . . . . . . . . . . . . . . 7 Enhanced Sentry 1 | . . . . . . . . . . . . . . . . . . . . . . . . . . . . . 1 Enhanced Hunter 4 | . . . . . . . . . . . . . . . . . . . . . . . . . . . . . 4 Decapitator 5 | . . . . . . . . . . . . . . . . . . . . . . . . . . 5 . . . Immortal 4 | . . . . . . . . . . . . . . . . . . . . . . . . . . 4 . . . Alpha 7 2 | . . . . . . . . . . . . . . . . . . . . . . . . . . 2 . . . Fortress 1 | . . . . . . . . . . . . . . . . . . . . . . . . . 1 . . . . V-Series 1 | . . . . . . . . . . . . . . . . . . . . . . . . . . 1 . . . Protovariant H 1 | . . . . . . . . . . . . . . . . . . . . . . . 1 . . . . . . Scientist 1 | . . . . . . . . . 1 . . . . . . . . . . . . . . . . . . . . Zionite 1 | . . . . . 1 . . . . . . . . . . . . . . . . . . . . . . . . Packrat 1 | . . . . . . . . . . . . . . . . . . 1 . . . . . . . . . . . Samaritan 2 | . . . . . . . . . . . 2 . . . . . . . . . . . . . . . . . . Best Kill Streak 22 | 2 4 2 . 3 22 4 2 1 1 3 . 1 . 4 3 . 2 . . . 1 11 3 1 4 10 2 2 9 Combat Bots Only 16 | . 2 2 . 3 16 4 1 . . . . 1 . 4 . . . . . . 1 10 1 . 4 10 2 2 9 Max Kills in Single Turn 7 | 1 2 1 . 3 4 1 1 1 1 1 1 1 . 2 1 . 1 1 . . 1 7 1 1 1 6 1 1 1 Gunslinging 1 | . 1 . . . . . . . . . . . . . . . . . . . . . . . . . . . . Exploded 7 | . 2 . . 3 3 . . . . . . 1 . 2 . . . . . . . 7 . . . 6 . . . Melee 1 | . . . . . . . 1 . . . . . . 1 . . . . . . . 1 1 . 1 1 1 1 1 Uniques/NPCs Destroyed 9 | . . . . . . . . . . . . . . . . . . . . . . . . . . . 1 2 6 DW-4LL (-1/Access) MAIN.C Shell (-1/Command) MAIN.C (-1/Command) A8 (-1/Access_0) A6 (-1/Access_0) A5 (-1/Access_0) A2 (-1/Access_0) A4 (-1/Access_0) A3 (-1/Access_0) Combat | -11 -10 -10 -10 -9 -8 -7 -7 -7 -7 -5 -5 -5 -5 -4 -4 -4 -4 -4 -4 -4 -3 -3 -3 -2 -2 -2 -1 -1 -1 -------- Run | Yrd Mat Min Exi Min Mat Fac Sto Rec Scr Fac Upp Upp War Pro Fac Was Fac Upp Upp Zhi Pro Res Tes Res Qua Frg Acc Com Ac0 Hostile Shots Fired 1612 | . 64 4 1 10 240 63 99 9 8 . . 9 28 41 18 . 20 2 1 . . 220 53 37 147 317 16 60 145 Missed 595 | . 19 3 . 3 71 25 38 4 5 . . 6 9 13 13 . 12 . 1 . . 82 14 22 36 93 9 18 99 Deflected 1 | . . . . . . . . . . . . . . . . . . . . . . . . . . . . . 1 Hits 1017 | . 45 1 1 7 169 38 61 5 3 . . 3 19 28 5 . 8 2 . . . 138 39 15 111 224 7 42 46 Melee 33 | . . . . 1 8 . . . . . . . . . . . . . . . . . . . . 24 . . . Projectile 984 | . 45 1 1 6 161 38 61 5 3 . . 3 19 28 5 . 8 2 . . . 138 39 15 111 200 7 42 46 AOE 5 | . . . . . . . . . . . . . . . . . . . . . . 1 . . . 4 . . . Critical Strikes 84 | . . . . . 11 . . . . . . . 1 1 2 . . . . . . 14 11 . 3 30 . 4 7 Actively Blocked 8 | . . . . . . . . . . . . . . . . . . . . . . 2 . . . 2 . . 4 Part Disruptions 8 | . . . . . . . . . . . . . . . . . . . . . . 5 . . . 1 . 2 . Damage Taken 23097 | . 508 10 20 120 3223 424 464 55 59 . . 60 232 615 98 . 80 37 . . 18 2812 1021 327 2699 6964 112 1487 1652 Core 2782 | . 97 . . . 244 39 113 6 49 . . . . 37 . . 30 16 . . . 597 211 84 242 476 10 335 196 Absorbed by Shields 699 | . . . . . 45 5 . . . . . . 152 . . . . . . . . . . 13 . 484 . . . Reduced by Siege Mode 307 | . . . . . . . . . . . . . . . . . . . . . . . . . 160 147 . . . Redirected to Shielding 695 | . . . . . . . . . . . . . . . . . . . . . . 153 . . . 258 38 . 246 Ignored by Resistances 255 | . . . . . . . 60 . . . . . . . . . . . . . . 195 . . . . . . . Regen/Repaired (Parts) 1408 | . . . . . 48 64 . . . . . . . . . . . . . . . 61 41 22 66 . . . 1106 Core Remaining (%) 66 | 100 . . . 61 55 . . . 70 . . . . 96 . . . . . . 96 . 37 . . 42 . . 45 Volleys Fired 646 | 12 51 7 1 12 197 18 . . 2 . 2 5 6 21 3 5 3 . . . 6 27 7 . 46 193 5 12 5 Largest 2 | 2 2 2 1 2 2 2 . . 2 . 1 1 1 1 1 1 1 . . . 2 1 1 . 1 2 1 1 1 Hottest 200 | 70 73 60 30 86 89 73 . . 120 . 120 120 120 120 120 120 120 . . . 150 120 94 . 120 140 140 200 200 Shots Fired 943 | 24 100 14 2 25 382 35 . . 3 . 2 5 6 22 3 5 3 . . . 12 28 7 . 47 196 5 12 5 Gun 574 | 24 96 . . 1 303 35 . . 2 . 2 4 6 11 1 4 3 . . . 12 26 . . 12 32 . . . Cannon 325 | . 3 14 2 23 75 . . . . . . . . 1 . . . . . . . 1 7 . 35 142 5 12 5 Launcher 40 | . 1 . . 1 4 . . . . . . 1 . 10 . . . . . . . 1 . . . 22 . . . Special 4 | . . . . . . . . . 1 . . . . . 2 1 . . . . . . . . . . . . . Kinetic 464 | 12 51 14 2 12 336 33 . . . . . . . . . . . . . . . 1 . . . 3 . . . Thermal 345 | 12 48 . . . 20 . . . 2 . 2 4 6 12 1 4 3 . . . . 26 . . 47 139 5 12 2 Explosive 40 | . 1 . . 1 4 . . . . . . 1 . 10 . . . . . . . 1 . . . 22 . . . Electromagnetic 67 | . . . . 12 22 2 . . . . . . . . . . . . . . 12 . 7 . . 9 . . 3 Entropic 23 | . . . . . . . . . . . . . . . . . . . . . . . . . . 23 . . . Robot Hit Streak 28 | 10 12 5 . 7 13 7 . . 7 . . . 8 11 3 14 . . . . 4 13 3 . 28 19 . . 3 Robot Miss Streak 13 | 3 3 2 1 4 5 4 . . 1 . . . 3 13 . 1 . . . . 2 4 4 . 3 4 . . . Penetration Max 2 | . . . . . 1 . . . . . . . . . . . . . . . . 1 . . 2 1 . . . Secondary Targets 5 | . 2 . . . 3 . . . . . . . . . . . . . . . . . . . . . . . . Max Gunslinging Chain 1 | . 1 . . . 1 . . . . . . . . . . . . . . . . . . . . . . . . Capacitor 130 | . . . . . . . . . . . . . . . . . . . . . . . . . 22 108 . . . Shots Hit Robots 1032 | 16 74 8 4 13 262 35 25 13 3 5 4 1 15 10 14 5 3 3 . 2 8 36 17 9 87 185 26 41 108 Core Hits 610 | 6 34 7 . 9 125 14 5 3 2 2 1 2 6 31 3 4 3 . . 2 3 40 11 5 44 178 7 18 45 Critical Kills 10 | . . . . . 2 . . . . . . . . . 1 . . . . . . . . . 1 6 . . . Critical Parts Destroyed 3 | . . . . . 1 . 1 . . . . . . . 1 . . . . . . . . . . . . . . Critical Strikes 135 | . 4 . . 2 5 . 3 1 . . . . . . 3 . 1 . . . . 2 3 . 5 33 12 15 46 Burn 4 | . 4 . . . . . . . . . . . . . . . . . . . . . . . . . . . . Meltdown 7 | . . . . . . . . . . . . . . . . . . . . . . . . . 1 6 . . . Destroy 3 | . . . . . 3 . . . . . . . . . . . . . . . . . . . . . . . . Blast 4 | . . . . 2 2 . . . . . . . . . . . . . . . . . . . . . . . . Smash 3 | . . . . . . . 1 . . . . . . . 2 . . . . . . . . . . . . . . Sever 13 | . . . . . . . 2 1 . . . . . . . . . . . . . . 1 . 4 4 . . 1 Impale 101 | . . . . . . . . . . . . . . . 1 . 1 . . . . 2 2 . . 23 12 15 45 Melee Attacks 769 | . . . 4 . . 31 36 14 . 10 7 12 17 18 33 . 26 4 1 2 1 65 29 21 81 109 47 67 134 Impact 72 | . . . . . . . 11 4 . . . 2 5 18 8 . 6 . . . 1 17 . . . . . . . Slashing 266 | . . . . . . 27 24 9 . 9 7 10 4 . . . . . . . . . 4 . 77 40 18 15 22 Piercing 412 | . . . . . . . . . . . . . . . 25 . 20 4 1 2 . 48 25 21 4 69 29 52 112 Sneak Attacks 99 | . . . 4 . . 11 12 5 . 5 4 1 8 . 7 . 3 2 . . . 9 7 2 . 5 10 1 3 Combat Hostiles 5 | . . . . . . . 1 . . . . . . . . . . . . . . . . . . . 1 . 3 Follow-up Attacks 37 | . . . . . . . 2 3 . . . . . . 1 . . . . . . . . . 4 4 1 7 15 Martial Strikes 9 | . . . . . . . . . . . . . . . . . . . . . . . . . . . 4 . 5 Damage Inflicted 55335 | 167 1177 156 . 511 5511 1075 1274 522 86 269 271 119 182 1127 932 186 293 281 . 169 274 2243 1047 554 4256 17748 2879 4405 7621 Guns 8142 | 167 1022 . . 22 3672 329 . . 86 . . . 122 289 . 186 11 . . . 274 408 . . 717 837 . . . Cannons 6739 | . 36 153 . 260 1080 . . . . . . . . . . . . . . . . . 137 . 944 4023 . . 106 Explosions 11350 | . 102 . . 158 726 . . . . . . 49 . 799 . . . . . . . 745 . . . 8771 . . . Melee 28969 | . . . . . . 735 1274 522 . 269 271 70 60 39 932 . 282 281 . 169 . 1090 910 554 2595 4117 2879 4405 7515 Ramming 135 | . 17 3 . 71 33 11 . . . . . . . . . . . . . . . . . . . . . . . Kinetic 5337 | 53 610 153 . 151 4068 302 . . . . . . . . . . . . . . . . . . . . . . . Thermal 7670 | 114 448 . . 35 287 . . . 86 . . . 122 289 . 186 11 . . . . 408 . . 1661 4023 . . . Explosive 11315 | . 102 . . 123 726 . . . . . . 49 . 799 . . . . . . . 745 . . . 8771 . . . Electromagnetic 1165 | . . . . 131 397 27 . . . . . . . . . . . . . . 274 . 137 . . 93 . . 106 Impact 1318 | . . . . . . . 568 126 . . . . 60 39 389 . 81 . . . . 55 . . . . . . . Slashing 9680 | . . . . . . 735 706 396 . 269 271 70 . . . . . . . . . . 184 . 2595 1970 908 793 783 Piercing 17971 | . . . . . . . . . . . . . . . 543 . 201 281 . 169 . 1035 726 554 . 2147 1971 3612 6732 Entropic 744 | . . . . . . . . . . . . . . . . . . . . . . . . . . 744 . . . Highest Corruption 12 | . 4 4 4 4 2 2 2 2 . . . . . 5 . . . . . . . 4 12 . 5 9 . 1 . Average Corruption 3 | . 2 4 4 4 2 2 2 2 . . . . . 4 . . . . . . . 4 6 . 3 6 . 1 . Corruption Purged 45 | . . . . . . . . . . . . . . . . . . . . . . . . . . 44 . 1 . Corruption Blocked 20 | . . . . . . . . . . . . . . . . . . . . . . . 9 . 11 . . . . Effects 254 | . 11 19 12 34 36 1 12 5 . . . . . 23 . . . . . . . 27 17 . 14 41 . 2 . Message Errors 64 | . 4 7 4 10 9 . 2 1 . . . . . 5 . . . . . . . 10 2 . 2 7 . 1 . Matter Fused 58 | . 1 6 3 6 11 . 3 1 . . . . . 7 . . . . . . . 2 3 . 6 9 . . . Heat Flow Errors 24 | . 1 1 2 1 3 . 2 1 . . . . . 1 . . . . . . . 2 4 . 2 4 . . . Energy Discharges 42 | . 1 2 1 6 4 . 4 1 . . . . . 2 . . . . . . . 6 4 . 1 10 . . . Parts Rejected 5 | . . . . 1 . . . 1 . . . . . 1 . . . . . . . 1 . . . 1 . . . Parts Fused 6 | . . . . . 1 . . . . . . . . 1 . . . . . . . 2 . . . 2 . . . Data Loss (minor) 30 | . 3 3 . 4 5 1 . . . . . . . 2 . . . . . . . 1 3 . . 7 . 1 . Data Loss (major) 11 | . . . 1 3 1 . . . . . . . . 2 . . . . . . . 1 1 . 1 1 . . . Misfires 7 | . 1 . 1 2 . . . . . . . . . 1 . . . . . . . 1 . . 1 . . . . Alerts 6 | . . . . 1 1 . 1 . . . . . . 1 . . . . . . . 1 . . 1 . . . . Weapon Failures 1 | . . . . . 1 . . . . . . . . . . . . . . . . . . . . . . . . Overload Shots . | . . . . . . . . . . . . . . . . . . . . . . . . . . . . . . Overflow Damage 4849 | . . . . 5 22 87 231 78 . 58 150 . . 47 153 . 26 198 . . . 304 27 33 156 720 954 521 1079 Projectiles 281 | . . . . . 9 . . 34 . . . . . . . . . . . . . . . . 40 191 . . 7 Explosions 313 | . . . . 5 7 . . . . . . . . 47 . . . . . . . 45 . . . 209 . . . Melee 4255 | . . . . . 6 87 231 44 . 58 150 . . . 153 . 26 198 . . . 259 27 33 116 320 954 521 1072 Knockbacks 13 | . . 2 . 4 1 . . 2 . . . . 1 . 2 . . . . . . 1 . . . . . . . Impact 6 | . . . . 1 . . . 1 . . . . 1 . 2 . . . . . . 1 . . . . . . . Kinetic 5 | . . 2 . 2 1 . . . . . . . . . . . . . . . . . . . . . . . . Secondary 2 | . . . . 1 . . . 1 . . . . . . . . . . . . . . . . . . . . . Self-Inflicted Damage 1242 | . . . . 31 119 . . . . . . . . 44 . . . . . . . 101 . . . 893 . 54 . Shots 39 | . . . . 1 4 . . . . . . . . 2 . . . . . . . 3 . . . 28 . 1 . Rammed 21 | . 2 1 . 12 3 3 . . . . . . . . . . . . . . . . . . . . . . . Targets Rammed 23 | . 4 1 . 12 3 3 . . . . . . . . . . . . . . . . . . . . . . . Kicked . | . . . . . . . . . . . . . . . . . . . . . . . . . . . . . . Crushed 2 | . 2 . . . . . . . . . . . . . . . . . . . . . . . . . . . . Highest Temperature 507 | 90 232 263 219 264 306 30 187 236 105 . 120 120 237 372 168 208 204 67 1 1 257 332 294 107 310 507 46 152 206 Average Temperature 63 | 37 41 117 107 74 78 15 80 128 51 . 68 49 92 108 41 105 37 9 1 1 124 68 58 22 94 52 21 53 60 Received Heat Transfer 3508 | . 213 6 . 30 1200 60 132 24 . . . . 43 90 48 . . 12 . . . 142 9 18 81 1349 . 27 24 Effects 9 | . . . . . 4 . . . . . . . . . . . . . . . . 3 1 . . 1 . . . Energy Bleed 2 | . . . . . 1 . . . . . . . . . . . . . . . . . 1 . . . . . . Interference 4 | . . . . . 2 . . . . . . . . . . . . . . . . 2 . . . . . . . Matter Decay 1 | . . . . . 1 . . . . . . . . . . . . . . . . . . . . . . . . Damage (minor) 2 | . . . . . . . . . . . . . . . . . . . . . . 1 . . . 1 . . . Siege Activations 7 | . . . . . . . . . . . . . . . . . . . . . . . . . 1 6 . . . Total Turns 65 | . . . . . . . . . . . . . . . . . . . . . . . . . 13 52 . . . Longest Duration 21 | . . . . . . . . . . . . . . . . . . . . . . . . . 13 21 . . . Martial Activations . | . . . . . . . . . . . . . . . . . . . . . . . . . . . . . . Shielding Activations . | . . . . . . . . . . . . . . . . . . . . . . . . . . . . . . Robots Disrupted . | . . . . . . . . . . . . . . . . . . . . . . . . . . . . . . Combat Hostiles . | . . . . . . . . . . . . . . . . . . . . . . . . . . . . . . Robots Corrupted 11 | . . . . . 1 . 2 1 . . . . . . 2 . 1 . . . . 1 1 . . 1 . . 1 Combat Hostiles 4 | . . . . . . . . . . . . . . . . . . . . . . 1 1 . . 1 . . 1 Parts Fried 16 | . . . . . 2 . 4 . . . . . . . 3 . 1 . . . . . 1 . . . . . 5 Impact Corruptions 15 | . . . . . 1 . 4 2 . . . . . . 4 . 2 . . . . 2 . . . . . . . Robots Melted 9 | . . . . . . . . . . . . . . . . . . . . . . 1 . . 2 6 . . . Combat Hostiles 9 | . . . . . . . . . . . . . . . . . . . . . . 1 . . 2 6 . . . Parts Melted 36 | . 3 . . . 2 . . . . . . . . 6 . 1 . . . . . 4 . . 11 9 . . . Heat Transferred 10206 | 333 1591 . . 50 555 . . . 200 . . . 275 575 . 425 25 . . . . 900 . . 2274 3003 . . . Parts Sabotaged . | . . . . . . . . . . . . . . . . . . . . . . . . . . . . . . Parts Stolen . | . . . . . . . . . . . . . . . . . . . . . . . . . . . . . . Parts Stripped . | . . . . . . . . . . . . . . . . . . . . . . . . . . . . . . Power Chain Reactions 1 | . . . . 1 . . . . . . . . . . . . . . . . . . . . . . . . . Alert | -11 -10 -10 -10 -9 -8 -7 -7 -7 -7 -5 -5 -5 -5 -4 -4 -4 -4 -4 -4 -4 -3 -3 -3 -2 -2 -2 -1 -1 -1 ------- Run | Yrd Mat Min Exi Min Mat Fac Sto Rec Scr Fac Upp Upp War Pro Fac Was Fac Upp Upp Zhi Pro Res Tes Res Qua Frg Acc Com Ac0 Maximum Alert Level 5 | . . . . . 3 1 2 1 . . . . . . 2 . . . . . . 1 1 . 1 5 3 2 . Low Security (%) 52 | 100 100 100 . 100 9 20 23 92 . 100 . . . . . 100 100 . . . . 91 92 100 89 20 . . . Level 1 10 | . . . . . 5 79 62 7 . . . . . . . . . . . . . 8 7 . 10 7 . . . Level 2 18 | . . . . . 51 . 13 . . . . . . . 100 . . . . . . . . . . 24 . 100 . Level 3 12 | . . . . . 33 . . . . . . . . . . . . . . . . . . . . 17 100 . . Level 4 3 | . . . . . . . . . . . . . . . . . . . . . . . . . . 19 . . . Level 5 1 | . . . . . . . . . . . . . . . . . . . . . . . . . . 10 . . . High Security . | . . . . . . . . . . . . . . . . . . . . . . . . . . . . . . Max Security . | . . . . . . . . . . . . . . . . . . . . . . . . . . . . . . Sterilizations 1 | . . . . . 1 . . . . . . . . . . . . . . . . . . . . . . . . Peak Influence 1709 | 10 97 40 . 128 775 374 427 210 . 18 . . . . 545 178 51 . . . . 283 237 129 220 1709 1073 578 . Initial 1018 | . 6 6 . . . 327 78 160 . . . . . . 450 178 . . . . . 30 122 . 45 105 1018 533 . Average 351 | 1 27 2 . 26 596 276 288 149 . 5 . . . . 481 85 5 . . . . 124 84 48 146 751 943 547 . Influence Increases 11498 | 20 367 60 . 274 1593 265 881 160 . 35 . 50 . 150 790 . 153 75 30 . 249 1214 389 438 770 2458 536 223 318 Destroy 0b10 Robot/C 4680 | . 220 40 . 140 1020 100 300 . . . . 20 . 120 . . . . . . 180 200 80 . 440 1540 200 80 . Destroy 0b10 Robot/NC 605 | 20 45 10 . . 135 35 25 10 . 15 . 5 . 10 30 . 20 . . . . 45 50 20 10 50 55 15 . Destroy Leader 884 | . 46 10 . 30 258 24 104 . . . . 10 . 20 4 . 2 . . . 10 52 18 4 64 170 48 10 . Allied During Kill 358 | . . . . 37 55 . 165 . . . . . . . . . . . . . 59 3 13 . . . 26 . . Trap Triggered on 0b10 40 | . . . . . . . . . . . . . . . . . . . . . . . . . 40 . . . . Successful Hack 391 | . 21 . . . 7 6 41 . . 10 . . . . 30 . 8 . . . . 144 15 45 24 10 30 . . Select Force Hacks 150 | . . . . . . . . 150 . . . . . . . . . . . . . . . . . . . . . Disable Machine 855 | . . . . 30 30 30 30 . . . . . . . 15 . . . . . . 45 60 15 60 315 15 30 180 Anti-Garrison Action 150 | . . . . . . . . . . . . . . . . . . . . . . . . . . 150 . . . Destroy Structure 805 | . 5 . . 22 28 10 6 . . 10 . . . . 36 . 48 . . . . 140 18 24 57 193 57 73 78 Advance Influence 450 | . . . . . . . . . . . . . . . 450 . . . . . . . . . . . . . . Partial Spotted 615 | . . . . . . 30 135 . . . . . . . 75 . 45 . . . . 180 30 45 . . 15 . 60 Lose Combat Pursuer 1515 | . 30 . . 15 60 30 75 . . . . 15 . . 150 . 30 75 30 . . 405 105 285 75 30 90 15 . Influence Decreases 11370 | 10 360 77 . 274 872 814 640 513 60 35 . 50 . 150 280 510 102 121 5 30 204 1041 607 356 665 947 1400 391 856 Entered New Map 3077 | . 4 11 . . . 394 94 253 60 . . . . . . 332 . 20 2 30 . 15 96 . 37 82 680 301 666 Time Decay 5853 | 10 346 66 . 274 632 410 356 170 . 35 . 50 . 140 160 178 96 101 3 . 204 428 301 200 518 725 410 40 . Search Patrol Dispatched 100 | . . . . . . . . . . . . . . . 100 . . . . . . . . . . . . . . Lost Part 876 | . 10 . . . 180 10 . . . . . . . 10 20 . 6 . . . . 220 30 20 100 140 10 50 70 Lost Ally 530 | . . . . . 60 . 190 90 . . . . . . . . . . . . . 30 30 . 10 . . . 120 Purge Threat 934 | . . . . . . . . . . . . . . . . . . . . . . 348 150 136 . . 300 . . Squads Dispatched 84 | . 2 . . . 10 1 5 . . 1 . . . . 4 . 4 . . . 1 10 8 5 6 17 9 1 . Investigation 16 | . . . . . 2 . 1 . . . . . . . 2 . 1 . . . 1 3 1 3 . 1 1 . . Extermination 31 | . . . . . . 1 2 . . . . . . . 1 . 1 . . . . 4 4 2 4 7 4 1 . Reinforcement 20 | . 2 . . . 4 . 2 . . 1 . . . . 1 . . . . . . 3 3 . 2 . 2 . . Assault 13 | . . . . . . . . . . . . . . . . . 2 . . . . . . . . 9 2 . . Garrison 4 | . . . . . 4 . . . . . . . . . . . . . . . . . . . . . . . . Intercept . | . . . . . . . . . . . . . . . . . . . . . . . . . . . . . . Searches Triggered 1 | . . . . . . . . . . . . . . . 1 . . . . . . . . . . . . . . Unchained Authorized 1 | . . . . . . . . . . . . . . . . . . . . . . . . . . . 1 . . Construction Impeded 1 | . . . . . 1 . . . . . . . . . . . . . . . . . . . . . . . . Haulers Reinforced 3 | . . . . . . . . . . . . . . . 1 . . . . . . . 1 . . . 1 . . Active Scanning Responses . | . . . . . . . . . . . . . . . . . . . . . . . . . . . . . . Cargo Convoy Interrupts . | . . . . . . . . . . . . . . . . . . . . . . . . . . . . . . Stealth | -11 -10 -10 -10 -9 -8 -7 -7 -7 -7 -5 -5 -5 -5 -4 -4 -4 -4 -4 -4 -4 -3 -3 -3 -2 -2 -2 -1 -1 -1 --------- Run | Yrd Mat Min Exi Min Mat Fac Sto Rec Scr Fac Upp Upp War Pro Fac Was Fac Upp Upp Zhi Pro Res Tes Res Qua Frg Acc Com Ac0 Distress Signals 46 | . 3 . . . 10 . 1 . . . . . . 1 . . . . . . . 3 . 2 1 . . 25 . Communications Jammed 38 | . . . . . . . . . . . . . . . . . . . . . . 8 . 12 15 3 . . . Distress Signals 35 | . . . . . . . . . . . . . . . . . . . . . . 8 . 12 13 2 . . . Times Spotted 470 | . 25 2 6 7 70 8 19 6 3 . . 2 5 9 10 . 6 5 1 . 5 58 19 26 36 85 15 4 38 Peak Tracking Total 17 | . 4 1 9 4 14 4 5 2 3 . . 1 4 4 9 . 4 4 3 . 6 17 9 11 6 9 6 8 17 Tactical Retreats 51 | . 1 . . 1 2 2 2 1 . . . 1 1 . 3 . 1 3 1 . . 12 2 5 4 2 3 1 3 Traps | -11 -10 -10 -10 -9 -8 -7 -7 -7 -7 -5 -5 -5 -5 -4 -4 -4 -4 -4 -4 -4 -3 -3 -3 -2 -2 -2 -1 -1 -1 ------- Run | Yrd Mat Min Exi Min Mat Fac Sto Rec Scr Fac Upp Upp War Pro Fac Was Fac Upp Upp Zhi Pro Res Tes Res Qua Frg Acc Com Ac0 Traps Triggered 23 | . 3 . . . 2 3 . . . . . . . . 1 . . . . . . 1 2 2 1 8 . . . Indirectly . | . . . . . . . . . . . . . . . . . . . . . . . . . . . . . . Trap Hack Attempts 32 | . . . . . . 32 . . . . . . . . . . . . . . . . . . . . . . . Triggered . | . . . . . . . . . . . . . . . . . . . . . . . . . . . . . . Disarmed . | . . . . . . . . . . . . . . . . . . . . . . . . . . . . . . Reprogrammed 9 | . 1 . . . . 3 . . . . . . . . . . . . . . . . . . 5 . . . . Reused 5 | . . . . . . . . . . . . 1 . . . . . . . . . . . . 4 . . . . Traps Extracted 4 | . . . . . . 3 . . . . . . . . . . . . . . . 1 . . . . . . . Installed 5 | . . . . . . . . . . . . 3 . . . . . . . . . 1 1 . . . . . . Triggered 5 | . . . . . . . . . . . . 1 . . . . . . . . . . . . 4 . . . . Most Traps Carried 8 | . . . . . . 3 3 3 3 3 3 8 8 8 8 8 8 3 3 3 3 3 3 . . . . . . Machines | -11 -10 -10 -10 -9 -8 -7 -7 -7 -7 -5 -5 -5 -5 -4 -4 -4 -4 -4 -4 -4 -3 -3 -3 -2 -2 -2 -1 -1 -1 ---------- Run | Yrd Mat Min Exi Min Mat Fac Sto Rec Scr Fac Upp Upp War Pro Fac Was Fac Upp Upp Zhi Pro Res Tes Res Qua Frg Acc Com Ac0 Machines Disabled 73 | . . . 2 2 2 2 2 . . . . 1 1 . 1 . . . . . . 3 5 1 4 32 1 2 12 Max in Single Turn 2 | . . . 1 1 1 1 1 . . . . 1 1 . 1 . . . . . . 1 1 1 1 2 1 1 1 Garrison Access 8 | . . . . . 1 . . . . . . . . . . . 1 . . . . 2 1 1 1 1 . . . Machines Repaired . | . . . . . . . . . . . . . . . . . . . . . . . . . . . . . . Machines Dismantled . | . . . . . . . . . . . . . . . . . . . . . . . . . . . . . . Machines Sabotaged . | . . . . . . . . . . . . . . . . . . . . . . . . . . . . . . Overloaded Fab Kills . | . . . . . . . . . . . . . . . . . . . . . . . . . . . . . . Hacking | -11 -10 -10 -10 -9 -8 -7 -7 -7 -7 -5 -5 -5 -5 -4 -4 -4 -4 -4 -4 -4 -3 -3 -3 -2 -2 -2 -1 -1 -1 --------- Run | Yrd Mat Min Exi Min Mat Fac Sto Rec Scr Fac Upp Upp War Pro Fac Was Fac Upp Upp Zhi Pro Res Tes Res Qua Frg Acc Com Ac0 Machines Accessed 139 | . 7 . 2 . 8 5 9 8 . 2 1 1 3 . 7 . 5 1 . 4 2 22 14 11 11 3 10 1 2 Terminals 68 | . 7 . . . 3 1 6 3 . 1 . 1 . . 4 . 1 . . . . 12 7 5 7 1 8 1 . Fabricators 11 | . . . . . . 2 . . . 1 . . . . 1 . . . . . . 2 2 2 . . 1 . . Repair Stations 12 | . . . . . 1 2 1 . . . . . . . 1 . 1 . . . 1 1 1 1 1 1 . . . Recycling Units 15 | . . . . . 2 . 2 5 . . . . . . . . 1 . . . 1 1 . 2 . . 1 . . Scanalyzers 14 | . . . . . 2 . . . . . . . . . 1 . 2 . . . . 4 3 . 2 . . . . Garrison Access 6 | . . . . . . . . . . . . . . . . . . . . . . 2 1 1 1 1 . . . Total Hacks 679 | . 17 . 5 . 32 308 19 16 . 5 1 1 6 . 16 . 11 1 . 17 4 64 33 46 31 9 18 1 18 Successful 553 | . 9 . 5 . 18 302 6 11 . 2 1 1 6 . 7 . 5 1 . 17 2 46 25 38 24 2 7 . 18 Failed 124 | . 7 . . . 14 6 13 5 . 3 . . . . 9 . 6 . . . 2 18 8 8 6 7 11 1 . Catastrophic 11 | . 1 . . . 1 1 2 1 . . . . . . . . . . . . . 1 . . 1 . 3 . . Database Lockouts 2 | . 1 . . . . . . . . . . . . . . . . . . . . . . . 1 . . . . Manual 139 | . 5 . 1 . 14 4 7 15 . 1 . . . . 4 . 4 . . . 1 24 19 21 13 2 3 . 1 Terminals 195 | . 17 . . . 12 4 14 10 . 3 . 1 . . 9 . 3 . . . . 42 20 27 18 1 13 1 . Fabricators 323 | . . . . . . 297 . . . 2 . . . . 3 . . . . . . 3 6 9 . . 3 . . Repair Stations 32 | . . . . . 3 7 1 . . . . . . . 2 . 2 . . . 2 2 2 2 3 6 . . . Recycling Units 32 | . . . . . 8 . 4 6 . . . . . . . . 2 . . . 2 2 . 6 . . 2 . . Scanalyzers 41 | . . . . . 9 . . . . . . . . . 2 . 4 . . . . 13 4 . 9 . . . . Garrison Access 8 | . . . . . . . . . . . . . . . . . . . . . . 2 1 2 1 2 . . . Terminal Hacks 119 | . 9 . 5 . 1 . 3 1 . 1 1 1 6 . 2 . 1 1 . 17 . 19 4 15 7 1 6 . 18 Record 32 | . . . 4 . . . . . . . . 1 6 . . . . . . 5 . . . . . . . . 16 Part Schematic 15 | . 1 . . . . . 1 . . . . . . . . . . . . 4 . 6 . 3 . . . . . Robot Analysis 7 | . 1 . . . . . . . . . . . . . . . . . . 4 . . . . 2 . . . . Prototype ID Bank 7 | . 2 . . . . . . . . . . . . . . . . . . 4 . 1 . . . . . . . Open Door 7 | . . . . . . . 2 . . . 1 . . . . . . 1 . . . . . . . . 3 . . Level Access Points 1 | . . . . . . . . . . . . . . . . . . . . . . . 1 . . . . . . Branch Access Points 3 | . . . . . . . . . . . . . . . . . . . . . . 1 . 1 . . 1 . . Emergency Access Points 1 | . 1 . . . . . . . . . . . . . . . . . . . . . . . . . . . . Machine Index 3 | . . . . . . . . . . . . . . . . . . . . . . 1 . 1 1 . . . . Terminal Index 4 | . . . . . . . . 1 . 1 . . . . . . 1 . . . . . 1 . . . . . . Garrison Index 2 | . . . . . . . . . . . . . . . . . . . . . . 1 . . 1 . . . . Alert Level 1 | . 1 . . . . . . . . . . . . . . . . . . . . . . . . . . . . Unreport Threat 7 | . . . . . . . . . . . . . . . . . . . . . . 3 1 1 . . 2 . . Locate Traps 3 | . 1 . . . . . . . . . . . . . . . . . . . . . . 2 . . . . . Reprogram Traps 2 | . 1 . . . . . . . . . . . . . . . . . . . . . . . 1 . . . . Recall Investigation 2 | . . . . . . . . . . . . . . . . . . . . . . . . 2 . . . . . Recall Extermination 6 | . . . . . . . . . . . . . . . . . . . . . . 2 1 3 . . . . . Hauler Manifests 4 | . 1 . . . 1 . . . . . . . . . . . . . . . . 1 . 1 . . . . . Registered Components 3 | . . . . . . . . . . . . . . . 1 . . . . . . 1 . . 1 . . . . Registered Prototypes 1 | . . . . . . . . . . . . . . . . . . . . . . 1 . . . . . . . Zone Layout 4 | . . . . . . . . . . . . . . . 1 . . . . . . 1 . 1 1 . . . . Proto ID Catalog 2 | . . . 1 . . . . . . . . . . . . . . . . . . . . . . 1 . . . Gate Test 138-A 1 | . . . . . . . . . . . . . . . . . . . . . . . . . . . . . 1 Gate Test 138-B 1 | . . . . . . . . . . . . . . . . . . . . . . . . . . . . . 1 Fabricator Hacks 311 | . . . . . . 297 . . . 1 . . . . 1 . . . . . . 1 4 6 . . 1 . . Network Status 1 | . . . . . . . . . . 1 . . . . . . . . . . . . . . . . . . . Load Schematic 305 | . . . . . . 297 . . . . . . . . 1 . . . . . . 1 2 3 . . 1 . . Build 5 | . . . . . . . . . . . . . . . . . . . . . . . 2 3 . . . . . Repair Station Hacks 15 | . . . . . 2 5 1 . . . . . . . . . . . . . . 1 2 1 2 1 . . . Scan Component 6 | . . . . . 1 2 . . . . . . . . . . . . . . . . 1 . 1 1 . . . Repair 5 | . . . . . 1 2 . . . . . . . . . . . . . . . . 1 . 1 . . . . Refit 4 | . . . . . . 1 1 . . . . . . . . . . . . . . 1 . 1 . . . . . Recycling Unit Hacks 7 | . . . . . 4 . . 1 . . . . . . . . . . . . 1 . . 1 . . . . . Report Inventory 5 | . . . . . 2 . . 1 . . . . . . . . . . . . 1 . . 1 . . . . . Retrieve Components 2 | . . . . . 2 . . . . . . . . . . . . . . . . . . . . . . . . Scanalyzer 31 | . . . . . 7 . . . . . . . . . 2 . 3 . . . . 11 1 . 7 . . . . Insert Component 11 | . . . . . 1 . . . . . . . . . 1 . 1 . . . . 3 1 . 4 . . . . Analyze 4 | . . . . . 1 . . . . . . . . . . . 1 . . . . 1 . . 1 . . . . Retrieve Study 16 | . . . . . 5 . . . . . . . . . 1 . 1 . . . . 7 . . 2 . . . . Garrison Access Hacks 5 | . . . . . . . . . . . . . . . . . . . . . . 2 1 1 1 . . . . Seal Access 5 | . . . . . . . . . . . . . . . . . . . . . . 2 1 1 1 . . . . Unauthorized Hacks 65 | . . . . . 4 . 2 9 . . . . . . 2 . 1 . . . 1 12 13 14 7 . . . . Terminals 41 | . . . . . 3 . 2 4 . . . . . . 1 . . . . . . 8 9 7 7 . . . . Track 6 | . . . . . 1 . 1 . . . . . . . . . . . . . . 1 . 1 2 . . . . Assimilate 3 | . . . . . . . 1 . . . . . . . . . . . . . . . 1 . 1 . . . . Botnet 11 | . . . . . . . . 2 . . . . . . 1 . . . . . . 2 2 2 2 . . . . Skim 21 | . . . . . 2 . . 2 . . . . . . . . . . . . . 5 6 4 2 . . . . Fabricators 8 | . . . . . . . . . . . . . . . 1 . . . . . . 2 2 3 . . . . . Prioritize 4 | . . . . . . . . . . . . . . . . . . . . . . . 2 2 . . . . . Haulers 1 | . . . . . . . . . . . . . . . . . . . . . . . . 1 . . . . . Recompile 3 | . . . . . . . . . . . . . . . 1 . . . . . . 2 . . . . . . . Repair Stations 2 | . . . . . . . . . . . . . . . . . . . . . . 1 . 1 . . . . . Patch 2 | . . . . . . . . . . . . . . . . . . . . . . 1 . 1 . . . . . Recycling Units 12 | . . . . . 1 . . 5 . . . . . . . . 1 . . . 1 1 . 3 . . . . . Monitor 1 | . . . . . . . . . . . . . . . . . . . . . 1 . . . . . . . . Reject 1 | . . . . . . . . . . . . . . . . . . . . . . . . 1 . . . . . Recyclers 3 | . . . . . . . . . . . . . . . . . 1 . . . . 1 . 1 . . . . . Mask 2 | . . . . . 1 . . . . . . . . . . . . . . . . . . 1 . . . . . Tunnel 5 | . . . . . . . . 5 . . . . . . . . . . . . . . . . . . . . . Scanalyzers 2 | . . . . . . . . . . . . . . . . . . . . . . . 2 . . . . . . Researchers 2 | . . . . . . . . . . . . . . . . . . . . . . . 2 . . . . . . Garrison Access . | . . . . . . . . . . . . . . . . . . . . . . . . . . . . . . Data Cores Recovered 1 | . . . . . . . . . . . . . . . . . . . . . . . . 1 . . . . . Used . | . . . . . . . . . . . . . . . . . . . . . . . . . . . . . . Hacking Detections 96 | . 6 . . . 6 3 8 3 . 2 . . . . 7 . 3 . . . 2 18 7 10 9 2 9 1 . Full Trace Events 8 | . . . . . 1 . . . . . . . . . 1 . . . . . 1 . 1 2 . 1 1 . . Feedback Events . | . . . . . . . . . . . . . . . . . . . . . . . . . . . . . . Feedback Blocked . | . . . . . . . . . . . . . . . . . . . . . . . . . . . . . . Robot Schematics Acquired 3 | . . . . . . . . . . . . . . . . . . . . . . . . . . 3 . . . Robots Built . | . . . . . . . . . . . . . . . . . . . . . . . . . . . . . . Authchips . | . . . . . . . . . . . . . . . . . . . . . . . . . . . . . . Time . | . . . . . . . . . . . . . . . . . . . . . . . . . . . . . . Total Robot Build Rating . | . . . . . . . . . . . . . . . . . . . . . . . . . . . . . . Part Schematics Acquired 57 | . 1 . . . 1 . 1 . . 1 1 6 4 4 2 1 1 1 . 5 7 9 5 3 1 3 . . . Parts Built 5 | . . . . . . . . . . . . . . . . . . . . . . . 2 3 . . . . . Authchips 2 | . . . . . . . . . . . . . . . . . . . . . . . 1 1 . . . . . Time 205 | . . . . . . . . . . . . . . . . . . . . . . . 57 148 . . . . . Total Part Build Rating 33 | . . . . . . . . . . . . . . . . . . . . . . . 6 27 . . . . . Part Studies Acquired 16 | . . . . . 5 . . . . . . . . . 1 . 1 . . . . 7 . . 2 . . . . Parts Repaired 5 | . . . . . 1 2 . . . . . . . . . . . . . . . . 1 . 1 . . . . Time 248 | . . . . . 60 82 . . . . . . . . . . . . . . . . 70 . 36 . . . . Parts Recycled . | . . . . . . . . . . . . . . . . . . . . . . . . . . . . . . Recycled Matter . | . . . . . . . . . . . . . . . . . . . . . . . . . . . . . . Retrieved Matter . | . . . . . . . . . . . . . . . . . . . . . . . . . . . . . . Retrieved Components 12 | . . . . . 12 . . . . . . . . . . . . . . . . . . . . . . . . Parts Scanalyzed 5 | . . . . . 1 . . . . . . . . . . . 1 . . . . 2 . . 1 . . . . Part Schematics Acquired 4 | . . . . . 1 . . . . . . . . . . . 1 . . . . 1 . . 1 . . . . Parts Damaged . | . . . . . . . . . . . . . . . . . . . . . . . . . . . . . . Bothacking | -11 -10 -10 -10 -9 -8 -7 -7 -7 -7 -5 -5 -5 -5 -4 -4 -4 -4 -4 -4 -4 -3 -3 -3 -2 -2 -2 -1 -1 -1 ------------ Run | Yrd Mat Min Exi Min Mat Fac Sto Rec Scr Fac Upp Upp War Pro Fac Was Fac Upp Upp Zhi Pro Res Tes Res Qua Frg Acc Com Ac0 Used RIF Installer . | . . . . . . . . . . . . . . . . . . . . . . . . . . . . . . Robots Hacked 12 | . . . 4 . . 3 1 1 . 1 . . . . 2 . . . . . . . . . . . . . . Non-combat 9 | . . . 3 . . 3 . . . 1 . . . . 2 . . . . . . . . . . . . . . Combat 3 | . . . 1 . . . 1 1 . . . . . . . . . . . . . . . . . . . . . Robot Hacks Applied 13 | . . . 4 . . 4 1 1 . 1 . . . . 2 . . . . . . . . . . . . . . parse_system 6 | . . . 4 . . . 1 1 . . . . . . . . . . . . . . . . . . . . . find_chute 3 | . . . . . . 1 . . . 1 . . . . 1 . . . . . . . . . . . . . . find_fabricator 3 | . . . . . . 2 . . . . . . . . 1 . . . . . . . . . . . . . . find_dsf 1 | . . . . . . 1 . . . . . . . . . . . . . . . . . . . . . . . Relay Couplers Released 4 | . . . . . 2 . . . . . . . . . . . 1 . . . . . . . . 1 . . . Machine Destruction 4 | . . . . . 2 . . . . . . . . . . . 1 . . . . . . . . 1 . . . Fabnet Peak Effective % . | . . . . . . . . . . . . . . . . . . . . . . . . . . . . . . Robots Rewired 12 | . . . . . . . . . . . . . 5 . . . . . . . 6 . 1 . . . . . . Allies Hacked . | . . . . . . . . . . . . . . . . . . . . . . . . . . . . . . Hacks Repelled . | . . . . . . . . . . . . . . . . . . . . . . . . . . . . . . Allies | -11 -10 -10 -10 -9 -8 -7 -7 -7 -7 -5 -5 -5 -5 -4 -4 -4 -4 -4 -4 -4 -3 -3 -3 -2 -2 -2 -1 -1 -1 -------- Run | Yrd Mat Min Exi Min Mat Fac Sto Rec Scr Fac Upp Upp War Pro Fac Was Fac Upp Upp Zhi Pro Res Tes Res Qua Frg Acc Com Ac0 Total Allies 31 | . . 3 . 2 . . 11 . . . . . 5 . . . . . . . 7 . 2 . 1 . . . . Largest Group 10 | . . 3 3 5 5 . 10 . . . . . 5 . . . . . . . 6 2 1 . 1 . . . . Highest-Rated Group 255 | . . 40 40 82 82 . 173 . . . . . 255 . . . . . . . 192 129 151 . 10 . . . . Highest-Rated Ally 151 | . . 16 16 31 31 . 29 . . . . . 64 . . . . . . . 89 82 151 . 10 . . . . Total Orders 86 | . . . 1 . . . . 1 1 . . . . . . . . . . . 4 . . . 1 . 16 . 62 STAY 16 | . . . 1 . . . . . . . . . . . . . . . . . 1 . . . 1 . 2 . 11 FOLLOW 8 | . . . . . . . . . . . . . . . . . . . . . 2 . . . . . 1 . 5 GUARD 1 | . . . . . . . . . . . . . . . . . . . . . 1 . . . . . . . . EXPLORE 15 | . . . . . . . . 1 1 . . . . . . . . . . . . . . . . . 1 . 12 RETURN 46 | . . . . . . . . . . . . . . . . . . . . . . . . . . . 12 . 34 Ally Attacks 402 | . . . 6 . 56 . 114 . . . . . 22 . . . . . . . 33 10 5 . . . 38 . 118 Total Damage 14081 | . . . 24 . 802 . 1484 . . . . . 860 . . . . . . . 817 262 414 . . . 2403 . 7015 Kills 56 | . . . . . 7 . 14 . . . . . 5 . . . . . . . 8 1 3 . . . 9 . 9 Allies Corrupted 2 | . . . . . . . . 1 . . . . . . . . . . . . . . 1 . . . . . . Allies Melted . | . . . . . . . . . . . . . . . . . . . . . . . . . . . . . . Intel | -11 -10 -10 -10 -9 -8 -7 -7 -7 -7 -5 -5 -5 -5 -4 -4 -4 -4 -4 -4 -4 -3 -3 -3 -2 -2 -2 -1 -1 -1 ------- Run | Yrd Mat Min Exi Min Mat Fac Sto Rec Scr Fac Upp Upp War Pro Fac Was Fac Upp Upp Zhi Pro Res Tes Res Qua Frg Acc Com Ac0 Active Infowar (turns) 16977 | 24 155 . . . 1239 721 740 . 578 136 266 510 214 . 193 390 396 306 304 54 992 964 926 466 1437 3495 984 881 606 Optics 1422 | . . . . . . . . . . . . . . . . . . . . . . . . . . . . 816 606 Sensors 10713 | . . . . . 99 701 738 . 578 136 266 510 214 . 193 390 385 302 304 54 786 891 859 413 1159 764 964 7 . Zeronet 550 | . . . . . . . . . . . . . . . . . . . . . . . . . . . 539 11 . Structural 5216 | . . . . . . . . . . . . . . . . . 195 306 304 49 992 692 733 454 1233 249 9 . . Seismic 1150 | 24 155 . . . 804 . . . . . . . . . . . . . . . . 167 . . . . . . . Decoding 202 | . . . . . . . . . . . . . . . . . . . . . . 202 . . . . . . . T.N.C. 1140 | . . . . . 1140 . . . . . . . . . . . . . . . . . . . . . . . . Machine Analysis 408 | . . . . . . 135 273 . . . . . . . . . . . . . . . . . . . . . . Cloaking 4914 | . . . . . . . . . . . . . . . . . . . . . . . . . 419 2638 688 793 376 Jamming 4507 | . . . . . . . . . . . . . . . . . . . . . . 29 177 464 1236 2601 . . . Robot Analysis Total 7 | . 1 . . . . . . . . . . . . . . . . . . 4 . . . . 2 . . . . Derelict Logs Recovered 10 | . . 2 . 1 . . . . . . 1 2 . 1 . . . 2 1 . . . . . . . . . . Drone Launches 67 | . . . . . . . 14 . . . . . . . . . . . . . . . . . . . 12 . 41 Drone Recoveries 47 | . . . . . . . . . . . . . . . . . . . . . . . . . . . 12 . 35 Decoded 0b10 Intel 3 | . . . . . . . . . . . . . . . . . . . . . . 3 . . . . . . . Emergency Access 3 | . . . . . . . . . . . . . . . . . . . . . . 3 . . . . . . . Exploration | -11 -10 -10 -10 -9 -8 -7 -7 -7 -7 -5 -5 -5 -5 -4 -4 -4 -4 -4 -4 -4 -3 -3 -3 -2 -2 -2 -1 -1 -1 ------------- Run | Yrd Mat Min Exi Min Mat Fac Sto Rec Scr Fac Upp Upp War Pro Fac Was Fac Upp Upp Zhi Pro Res Tes Res Qua Frg Acc Com Ac0 Turns Passed 25377 | 118 1332 818 817 1548 2600 995 802 348 1047 139 271 514 269 1065 327 390 396 306 304 54 992 1057 959 466 1437 3495 984 921 606 Spaces Moved 26013 | 49 525 330 356 610 1197 1004 938 296 713 220 633 1117 420 695 732 377 701 821 857 155 979 2174 1475 1092 1179 1521 1033 1585 2229 Core 29 | 8 . . . . . . . . . 1 . . 2 . . . . . . . . 13 4 . . . . . 1 Treads 4214 | 41 408 330 356 610 579 82 . . . . . . . . . . . . . . . . . . 429 1379 . . . Legs . | . . . . . . . . . . . . . . . . . . . . . . . . . . . . . . Wheels 745 | . 117 . . . 618 . 10 . . . . . . . . . . . . . . . . . . . . . . Hover 4555 | . . . . . . . 467 296 713 219 633 1117 418 692 . . . . . . . . . . . . . . . Flight 16470 | . . . . . . 922 461 . . . . . . 3 732 377 701 821 857 155 979 2161 1471 1092 750 142 1033 1585 2228 Fastest Speed 6 | 50 155 240 160 240 110 23 23 38 16 31 31 16 31 25 12 23 14 14 24 24 24 11 22 13 20 10 6 8 6 Average Speed 62 | 142 212 240 223 240 154 41 35 91 90 42 33 34 37 132 23 92 28 23 24 24 69 24 26 21 85 152 10 10 9 Slowest Speed 480 | 160 240 240 240 240 480 158 176 98 95 250 34 94 250 218 93 98 94 24 24 24 94 250 200 23 173 240 55 65 150 Overloaded Moves 420 | . . . . . . . 7 . 12 . . 7 22 . 65 . 13 10 . . . 98 29 15 . . 8 13 121 Propulsion Burnouts . | . . . . . . . . . . . . . . . . . . . . . . . . . . . . . . Robots Hopped 73 | . . . . . . 15 3 . . . . . . . 3 . 4 1 . . . 13 13 5 2 . 4 5 5 Potential Cave-ins 4 | . . . . . . . . . . . . . . . . . . . . . . . . . . 2 . 2 . Cave-ins Triggered . | . . . . . . . . . . . . . . . . . . . . . . . . . . . . . . Teleports 3 | . . . . . . . . . . . . . . . . . . . . . . . . . . 1 . 1 1 Exploration Rate (%) 62 | 5 70 96 70 90 80 20 90 99 60 6 83 93 35 73 18 96 21 92 77 60 81 52 94 25 93 34 23 50 84 Regions Visited 29 Branch Regions 19 Pre-discovered Areas 11 | . . . 1 1 . . . 4 . . . . . . . . . . . 3 . . 2 . . . . . . Known Exits Taken 20 | . . . . . . 1 1 1 1 1 1 1 1 1 . . 1 1 1 1 1 1 1 1 1 1 1 . . Unknown Exits Taken 7 | 1 1 1 1 1 1 . . . . . . . . . . . . . . . . . . . . . . 1 . Scrap Searched 26 | . . 3 . 3 . . . . 6 . 1 3 . 3 . . . 3 1 . 3 . . . . . . . . Spaces Dug 217 | . . . . . . 9 5 . . 5 2 11 5 16 17 . 23 1 1 . 1 34 7 8 11 19 24 11 7 Terrain Destroyed 536 | . 5 . . 22 32 9 5 . . 5 4 18 9 108 18 . 23 1 1 . 1 85 7 8 21 65 26 39 24 Melee 172 | . . . . . . 9 5 . . 5 2 10 5 16 17 . 22 1 1 . 1 30 7 8 6 . 16 5 6 Projectile 79 | . . . . . 6 . . . . . . . . 1 . . . . . . . 1 . . 9 45 10 6 1 AOE 261 | . 5 . . 22 26 . . . . . . 6 . 88 . . . . . . . 49 . . . 20 . 28 17 Terrain Rammed . | . . . . . . . . . . . . . . . . . . . . . . . . . . . . . . Walls Destroyed . | . . . . . . . . . . . . . . . . . . . . . . . . . . . . . . Machines Disabled . | . . . . . . . . . . . . . . . . . . . . . . . . . . . . . . Actions | -11 -10 -10 -10 -9 -8 -7 -7 -7 -7 -5 -5 -5 -5 -4 -4 -4 -4 -4 -4 -4 -3 -3 -3 -2 -2 -2 -1 -1 -1 --------- Run | Yrd Mat Min Exi Min Mat Fac Sto Rec Scr Fac Upp Upp War Pro Fac Was Fac Upp Upp Zhi Pro Res Tes Res Qua Frg Acc Com Ac0 Total 33419 | 72 639 344 379 656 1566 1504 1361 359 1112 250 678 1213 511 780 831 413 850 922 953 168 1270 2552 1977 1284 1558 2548 1879 2294 2496 Wait 4537 | 1 20 1 3 5 39 309 314 35 373 . 29 63 55 12 24 8 100 97 96 . 239 166 361 152 135 465 768 572 95 Move 25849 | 48 524 329 355 609 1196 975 931 295 712 219 632 1116 419 694 727 376 692 818 856 154 978 2151 1449 1081 1174 1520 1024 1576 2219 Hop 62 | . . . . . . 13 3 . . . . . . . 2 . 4 1 . . . 9 12 5 2 . 4 3 4 Pick Up 283 | 4 23 1 5 4 24 16 8 8 7 5 . . 1 3 8 3 2 . . 2 4 28 19 7 22 57 4 12 6 Fast Attach 243 | 7 1 1 . 1 31 7 15 1 2 4 3 4 2 8 8 7 4 . . 4 2 18 15 2 28 43 6 9 10 Attach 185 | . 1 . 2 . 13 29 10 1 2 4 . . 2 7 4 2 2 . . . . 32 10 3 14 19 5 12 11 Detach 102 | . . . . . 4 21 10 1 1 1 . . 3 . 1 3 1 . . . 2 17 5 . 11 6 4 7 4 Swap 282 | . 7 1 2 7 19 12 8 4 4 2 2 6 3 7 13 2 6 2 . 1 7 16 18 3 13 69 13 15 20 Drop 387 | . 8 3 7 6 40 26 22 4 9 5 3 4 3 10 11 7 10 . . 5 4 23 32 6 38 72 5 16 8 Fire 646 | 12 51 7 1 12 197 18 . . 2 . 2 5 6 21 3 5 3 . . . 6 27 7 . 46 193 5 12 5 Melee 714 | . . . 4 . . 31 33 10 . 10 7 12 17 18 30 . 26 4 1 2 1 64 29 21 75 104 41 60 114 Ram 2 | . . . . . 2 . . . . . . . . . . . . . . . . . . . . . . . . Kick . | . . . . . . . . . . . . . . . . . . . . . . . . . . . . . . Crush 21 | . 4 1 . 12 1 3 . . . . . . . . . . . . . . . . . . . . . . . Escape Stasis 31 | . . . . . . 12 . . . . . . . . . . . . . . . . 15 4 . . . . . Rewire 31 | . . . . . . . . . . . . . . . . . . . . . 27 . 4 . . . . . . Trap 37 | . . . . . . 32 . . . . . 3 . . . . . . . . . 1 1 . . . . . . Miscellaneous 7 | . . . . . . . 7 . . . . . . . . . . . . . . . . . . . . . . Route ------- -11/Scrapyard -10/Materials (discovered 4 exits: [*Mat x2] / [*Min x2]) -10/Mines (discovered 3 exits: [*Mat x2] / *Exi) -10/Exiles (discovered 2 exits: [*Min x2]) -9/Mines -8/Materials (discovered 2 exits: *Fac x2) -7/Factory (discovered 2 exits: *Fac / *Sto) -7/Storage (discovered 2 exits: *Fac / *Rec) -7/Recycling (discovered 2 exits: *Fac / *Scr) -7/Scraptown -5/Factory -5/Upper Caves -5/Upper Caves (discovered 2 exits: *Fac / *War) -5/Warlord -4/Proximity Caves -4/Factory (discovered 3 exits: *Res x2 / Upp) -4/Waste -4/Factory -4/Upper Caves -4/Upper Caves (discovered 2 exits: *Res / *Zhi) -4/Zhirov -3/Proximity Caves -3/Research (discovered 4 exits: Res x2 / *Tes x2) -3/Testing -2/Research (discovered 2 exits: *Qua x2) -2/Quarantine (discovered 3 exits: *Acc / [*Sec] / *Frg) -2/Protoforge -1/Access -1/Command (discovered 3 exits: [*Sur x2] / *Ac0) -1/Access_0 0b11 Command History --------- Turn | Location | Event 3 | -11/Scrapyard | Discovered new exit (range 16) 119 | -11/Scrapyard | Entered Materials 332 | -10/Materials | Build established: Mutant 345 | -10/Materials | Central database locked down 591 | -10/Materials | Discovered new exit (range 16) 1036 | -10/Materials | Discovered new exit (range 10) 1240 | -10/Materials | Discovered new exit (range 11) 1403 | -10/Materials | Discovered new exit (range 16) 1451 | -10/Materials | Entered Mines 1452 | -10/Mines | Assembled infested the area 1472 | -10/Mines | Met a Derelict bent on vengeance 1673 | -10/Mines | Assisted by bots powering up and referring to "LRC-V3" 1729 | -10/Mines | Learned 4 Materials zone layouts 1825 | -10/Mines | Discovered new exit (range 6) 2149 | -10/Mines | Discovered new exit (range 16) 2257 | -10/Mines | Deemed a non-threat by the Exiles lab entrance 2260 | -10/Mines | Discovered new exit (range 5) 2269 | -10/Mines | Entered Exiles 2269 | -10/Exiles | Accompanied by 3 allies 2301 | -10/Exiles | Discovered new exit (range 15) 2334 | -10/Exiles | Met 8R-AWN 2384 | -10/Exiles | Met EX-HEX 2489 | -10/Exiles | Met EX-DEC 2552 | -10/Exiles | Learned location of Zion (-6) 2593 | -10/Exiles | Met EX-BIN 2628 | -10/Exiles | Aligned with FarCom system 2631 | -10/Exiles | Given EX-Vault access code 2691 | -10/Exiles | Opened EX-Vault 2756 | -10/Exiles | Warned to stay clear of 0b10 Research branches 2907 | -10/Exiles | Discovered new exit (range 12) 3043 | -10/Exiles | Attacked by the Exiles 3086 | -10/Exiles | Entered Mines 3086 | -9/Mines | Accompanied by 3 allies 3158 | -9/Mines | Joined a pair of Derelicts in attacking an 0b10 outpost 3685 | -9/Mines | Found a hidden stash of uninstalled traps 3866 | -9/Mines | Learned Materials stockpile data 4212 | -9/Mines | Discovered new exit (range 8) 4343 | -9/Mines | Learned location of Storage (-7) 4634 | -9/Mines | Entered Materials 4634 | -8/Materials | Accompanied by 5 allies 4634 | -8/Materials | Evolved 4 slots: Propulsion x2, Utility x2 4639 | -8/Materials | Led the pair of lost Derelicts to an unsafe place 4845 | -8/Materials | Garrison activated, responded to threat 4967 | -8/Materials | Build established: Scavenger-Mutant 5083 | -8/Materials | Destroyed 16 combat bots 5083 | -8/Materials | Lost 7 parts (3n1u3w) 5184 | -8/Materials | Garrison activated, responded to threat 5550 | -8/Materials | Lost 8 parts (1p4n2u1w) 5593 | -8/Materials | Discovered new exit (range 3) 5978 | -8/Materials | Discovered new exit (range 10) 6388 | -8/Materials | Repaired Imp. VTOL Module? 6496 | -8/Materials | Sterilization system engaged 6496 | -8/Materials | Non-combat units ordered to evacuate 6596 | -8/Materials | Combat units ordered to evacuate 6796 | -8/Materials | Ambient heat levels rising (+10) 6946 | -8/Materials | Ambient heat levels rising (+10) 7096 | -8/Materials | Ambient heat levels rising (+10) 7234 | -8/Materials | Entered Factory 7234 | -7/Factory | Evolved 2 slots: Propulsion x1, Utility x1 7235 | -7/Factory | Identified exit to Storage 7308 | -7/Factory | Found Prototype Launcher 7309 | -7/Factory | Identified Rocket Array 7375 | -7/Factory | Repaired Mak. Power Source 7533 | -7/Factory | Repaired Imp. Light Armor Plating 7672 | -7/Factory | Watched by a mysterious "MATRIX" hacker 7672 | -7/Factory | Targeted by mysterious "MATRIX" hacker 7735 | -7/Factory | Discovered new exit (range 15) 7739 | -7/Factory | Identified exit to Factory 8229 | -7/Factory | Entered Storage 8350 | -7/Storage | Assisted by bots powering up and referring to "LRC-V3" 8555 | -7/Storage | Lost 3 allies 8695 | -7/Storage | Lost 6 allies 8865 | -7/Storage | Discovered exit to Factory (range 16) 8901 | -7/Storage | Met 01-MTF 8977 | -7/Storage | Discovered new exit (range 7) 9027 | -7/Storage | Identified exit to Recycling 9031 | -7/Storage | Entered Recycling 9031 | -7/Recycling | Accompanied by 15 allies (01-MTF) 9107 | -7/Recycling | Discovered new exit (range 54) 9301 | -7/Recycling | Scanned before Scraplab entrance 9330 | -7/Recycling | Build established: Mutant 9355 | -7/Recycling | Found KN-7UR's Autopenetrator 9357 | -7/Recycling | Lost 8 allies 9368 | -7/Recycling | Entered Scraplab 9375 | -7/Recycling | Discovered new exit (range 2) 9375 | -7/Recycling | Identified exit to Scraptown 9379 | -7/Recycling | Entered Scraptown 9379 | -7/Scraptown | Accompanied by 4 allies 9379 | -7/Scraptown | System corruption cleaned by C-Scrubber 9504 | -7/Scraptown | Discovered new exit (range 36) 9615 | -7/Scraptown | Visited Bundlers 9659 | -7/Scraptown | Visited CPS Storage 9690 | -7/Scraptown | Turned away by UFD registrar 9765 | -7/Scraptown | Heard Great Nut preacher, LISTEN AND RECITE! 9918 | -7/Scraptown | Visited SPCMW 9934 | -7/Scraptown | Visited Symbiants 9944 | -7/Scraptown | Visited Cyclists 10412 | -7/Scraptown | Attached CPS modules to JA-YD9(c) 10413 | -7/Scraptown | Attacked by Scraptown defenders 10426 | -7/Scraptown | Identified exit to Factory 10426 | -7/Scraptown | Entered Factory 10426 | -5/Factory | Evolved 4 slots: Power x1, Propulsion x1, Utility x2 10540 | -5/Factory | Discovered new exit (range 7) 10547 | -5/Factory | Tech Extrapolator generated special schematic: Deep Structural Scanner 10564 | -5/Factory | Identified exit to Upper Caves 10565 | -5/Factory | Entered Upper Caves 10598 | -5/Upper Caves | Tech Extrapolator generated special schematic: Energy Deflector 10745 | -5/Upper Caves | Learned location of 1 exit from Factory 10780 | -5/Upper Caves | Discovered new exit (range 14) 10803 | -5/Upper Caves | Identified exit to Upper Caves 10836 | -5/Upper Caves | Entered another Upper Caves area 10857 | -5/Upper Caves | Discovered new exit (range 8) 10860 | -5/Upper Caves | Identified exit to Factory 10928 | -5/Upper Caves | Build established: Scavenger-Mutant 10963 | -5/Upper Caves | Learned Factory stockpile data 11093 | -5/Upper Caves | Tech Extrapolator generated special schematic: Machine Rigger 11345 | -5/Upper Caves | Discovered new exit (range 8) 11349 | -5/Upper Caves | Identified exit to Warlord 11350 | -5/Upper Caves | Entered Warlord 11383 | -5/Warlord | Discovered new exit (range 14) 11392 | -5/Warlord | Opened side exit 11396 | -5/Warlord | Attacked by Warlord forces 11517 | -5/Warlord | Spotted WD-14J(B) 11542 | -5/Warlord | Learned Research trap positions 11542 | -5/Warlord | Learned 4 Armory zone layouts 11542 | -5/Warlord | Learned 4 Research zone layouts 11542 | -5/Warlord | Learned 4 Research zone layouts 11542 | -5/Warlord | Learned Research fabricator intel 11596 | -5/Warlord | Warlord's base attacked by MAIN.C 11596 | -5/Warlord | Lost 3 parts (1p1n1u) 11619 | -5/Warlord | Identified exit to Proximity Caves 11619 | -5/Warlord | Entered Proximity Caves 11673 | -4/Proximity Caves | Attracted the attention of an 0b10 checkpoint 11711 | -4/Proximity Caves | Spotter reported a threat 11724 | -4/Proximity Caves | Spotter reported a threat 11859 | -4/Proximity Caves | Build established: Trapper-Mutant 11897 | -4/Proximity Caves | Spotter reported a threat 12201 | -4/Proximity Caves | Learned location of 1 exit from Research 12269 | -4/Proximity Caves | Build established: Scavenger-Mutant 12298 | -4/Proximity Caves | Spotted B-86 Titan 12584 | -4/Proximity Caves | Discovered exit to Factory (range 13) 12684 | -4/Proximity Caves | Entered Factory 12684 | -4/Factory | Evolved 2 slots: Utility x2 12685 | -4/Factory | Identified exit to Upper Caves 12686 | -4/Factory | Identified exit to Research 12758 | -4/Factory | Discovered exit to Research (range 15) 12934 | -4/Factory | Search patrols dispatched 13011 | -4/Factory | Sucked down chute 13011 | -4/Factory | Entered Waste 13011 | -4/Waste | The area was eerily silent 13218 | -4/Waste | Discovered new exit (range 13) 13243 | -4/Waste | Found Prototype Launcher 13243 | -4/Waste | Identified Ragnarok Missile Launcher 13265 | -4/Waste | Build established: Trapper-Mutant 13332 | -4/Waste | Attached CPS modules to C-40 Crusher 13364 | -4/Waste | Found Damper Plating 13400 | -4/Waste | Identified exit to Factory 13401 | -4/Waste | Entered Factory 13677 | -4/Factory | Spotted B-86 Titan 13779 | -4/Factory | Spotted B-86 Titan 13796 | -4/Factory | Discovered exit to Upper Caves (range 6) 13797 | -4/Factory | Entered Upper Caves 13798 | -4/Upper Caves | Encountered a Warlord checkpoint 13807 | -4/Upper Caves | Learned 12 Research zone layouts 13881 | -4/Upper Caves | Build established: Hacker-Scout 13893 | -4/Upper Caves | Learned 8 Research zone layouts 14083 | -4/Upper Caves | Discovered new exit (range 14) 14092 | -4/Upper Caves | Identified exit to Upper Caves 14103 | -4/Upper Caves | Entered another Upper Caves area 14107 | -4/Upper Caves | Discovered exit to Research (range 14) 14384 | -4/Upper Caves | Discovered new exit (range 6) 14385 | -4/Upper Caves | Identified exit to Zhirov 14407 | -4/Upper Caves | Entered Zhirov 14407 | -4/Zhirov | Discovered new exit (range 3) 14408 | -4/Zhirov | Identified exit to Proximity Caves 14412 | -4/Zhirov | Met Zhirov 14416 | -4/Zhirov | Learned location of Quarantine (-2) 14416 | -4/Zhirov | Learned location of Command (-1) 14418 | -4/Zhirov | Zhirov requested help retrieving the SGEMP Prototype 14423 | -4/Zhirov | Found Alien Artifact 14423 | -4/Zhirov | Identified Integrated Reactor 14423 | -4/Zhirov | Installed Integrated Reactor, increased core energy generation (+10) 14440 | -4/Zhirov | Found Alien Artifact 14461 | -4/Zhirov | Entered Proximity Caves 14462 | -3/Proximity Caves | Greeted by an Infiltrator in a former 0b10 base 14503 | -3/Proximity Caves | Former 0b10 base attacked by MAIN.C 14707 | -3/Proximity Caves | Lost 7 allies 14807 | -3/Proximity Caves | 0b10 base defense nominally successful 14960 | -3/Proximity Caves | Tech Extrapolator generated special schematic: Heat Bomb Trap 15000 | -3/Proximity Caves | Lost 4 allies 15339 | -3/Proximity Caves | Discovered exit to Research (range 16) 15436 | -3/Proximity Caves | Build established: Hacker-Assassin 15453 | -3/Proximity Caves | Entered Research 15453 | -3/Research | Accompanied by 2 allies 15453 | -3/Research | Evolved 2 slots: Propulsion x1, Utility x1 15454 | -3/Research | Identified exit to Testing 15455 | -3/Research | Identified exit to Research 15457 | -3/Research | Loaded intel: 72 trap records 15458 | -3/Research | Loaded intel: 4 fabricator locations 15769 | -3/Research | Spotted CY-PHR 15842 | -3/Research | Destroyed 10 combat bots 15855 | -3/Research | Lost 17 parts (2p6n6u3w) 15877 | -3/Research | Found Prototype Device 15877 | -3/Research | Identified Exp. EM Disruption Field 15893 | -3/Research | Extracted 0b10 system backdoors from CY-PHR data collection 15928 | -3/Research | Found Fusion Bomb Launcher 16001 | -3/Research | Spotted B-86 Titan 16068 | -3/Research | Build established: Hacker-Sprinter 16330 | -3/Research | Identified Transdimensional Reconstructor 16435 | -3/Research | Build established: Hacker-Scout 16466 | -3/Research | Spotted B-86 Titan 16510 | -3/Research | Entered Testing 16603 | -3/Testing | Repaired Cld. VTOL Module 16618 | -3/Testing | Found Prototype Energy Gun 16618 | -3/Testing | Identified Hyp. EM Gauss Rifle 16681 | -3/Testing | Found Prototype Device 16681 | -3/Testing | Identified Exp. Shield Generator 16772 | -3/Testing | Found Prototype Protection 16821 | -3/Testing | Fabricated Deep Structural Scanner (x1) 16928 | -3/Testing | Rewired PH-7BSDHHC6BG 16931 | -3/Testing | Identified Centrium Heavy Armor Plating 17065 | -3/Testing | Found Portable AFG 17071 | -3/Testing | Spotted PH-57O2QZXUMM 17090 | -3/Testing | Core integrity fell below 50% 17106 | -3/Testing | Destroyed PH-57O2QZXUMM 17111 | -3/Testing | Found Corrupted Prototype Reactor 17116 | -3/Testing | Found Corrupted Prototype Reactor 17121 | -3/Testing | Found Prototype Energy Cannon 17121 | -3/Testing | Identified Imp. Potential Cannon 17157 | -3/Testing | Identified Zero-point Reactor (x2) 17181 | -3/Testing | Fabricated Multitool (x1) 17212 | -3/Testing | System corruption reached 10% 17213 | -3/Testing | Learned location of 1 exit from Armory 17366 | -3/Testing | Build established: Wizard-Scout 17408 | -3/Testing | Learned 4 Research zone layouts 17425 | -3/Testing | Learned Access trap positions 17469 | -3/Testing | Entered Research 17469 | -2/Research | Evolved 2 slots: Propulsion x1, Utility x1 17470 | -2/Research | Identified exit to Quarantine 17721 | -2/Research | Fabricated Femtoactuators? 17772 | -2/Research | Build established: Wizard-Ninja 17820 | -2/Research | Fabricated Femtoactuators? 17822 | -2/Research | Fabricated Femtoactuators? 17935 | -2/Research | Entered Quarantine 17941 | -2/Quarantine | Found Transdimensional Reconstructor 17945 | -2/Quarantine | Found Alien Artifact 17986 | -2/Quarantine | Cryocooling Duct disabled 18001 | -2/Quarantine | Ambient heat levels rising (+20) 18001 | -2/Quarantine | Non-combat units ordered to evacuate 18004 | -2/Quarantine | Discovered new exit (range 8) 18010 | -2/Quarantine | Found Alien Artifact 18030 | -2/Quarantine | Repaired Cld. Impulse Thruster? 18081 | -2/Quarantine | Identified Dimensional Node Initializer 18081 | -2/Quarantine | Identified Subatomic Replicator 18328 | -2/Quarantine | Lost 5 parts (4n1u) 18412 | -2/Quarantine | Found Alien Reactor 18422 | -2/Quarantine | Central database locked down 18422 | -2/Quarantine | Identified Matter Drive 19029 | -2/Quarantine | Found Quantum Capacitor 19166 | -2/Quarantine | Spotted Fortress 19188 | -2/Quarantine | Destroyed Fortress 19248 | -2/Quarantine | Found Centrium Heavy Armor Plating 19364 | -2/Quarantine | Discovered new exit (range 6) 19364 | -2/Quarantine | Discovered new exit (range 7) 19370 | -2/Quarantine | Identified exit to Protoforge 19372 | -2/Quarantine | Entered Protoforge 19460 | -2/Protoforge | Spotted Hotshot 19509 | -2/Protoforge | Build established: Scavenger-Assassin 19606 | -2/Protoforge | Discovered new exit (range 10) 19654 | -2/Protoforge | Identified exit to Access 19665 | -2/Protoforge | Initialized slip node 19865 | -2/Protoforge | Found Prototype Device 19865 | -2/Protoforge | Identified Exp. System Purifier 19905 | -2/Protoforge | Build established: Scavenger-Mutant 19907 | -2/Protoforge | Found Prototype Energy Gun 19907 | -2/Protoforge | Identified Cep. Variable Chargecaster 20111 | -2/Protoforge | Superfortress began startup sequence 20132 | -2/Protoforge | Destroyed 9 combat bots 20175 | -2/Protoforge | Found Prototype Energy Cannon 20176 | -2/Protoforge | Identified Cep. Plasma Driver 20183 | -2/Protoforge | Found Prototype Piercing Weapon 20186 | -2/Protoforge | Found Prototype Slashing Weapon 20186 | -2/Protoforge | Identified Exp. Terror Saw 20187 | -2/Protoforge | Identified Exp. Jetlance 20201 | -2/Protoforge | Found Prototype Ballistic Cannon 20201 | -2/Protoforge | Identified Cep. Helical Railcannon 20206 | -2/Protoforge | Found Prototype Energy Gun 20206 | -2/Protoforge | Identified Cep. Disintegration Ray 20288 | -2/Protoforge | Found Prototype Device 20302 | -2/Protoforge | Spotted Immortal 20303 | -2/Protoforge | Spotted Immortal 20309 | -2/Protoforge | Destroyed Immortal 20316 | -2/Protoforge | Destroyed Immortal 20326 | -2/Protoforge | Spotted Decapitator 20348 | -2/Protoforge | Destroyed Decapitator 20388 | -2/Protoforge | Found Prototype Processor 20389 | -2/Protoforge | Identified Exp. Melee Analysis Suite 20414 | -2/Protoforge | Found Cep. Rapid Grenade Launcher 20425 | -2/Protoforge | Found Faulty Cep. Rapid Grenade Launcher 20426 | -2/Protoforge | Identified Crosscalibrator 20439 | -2/Protoforge | Found Faulty Cep. Rapid Grenade Launcher 20441 | -2/Protoforge | Found Cep. Arcsight Missile Launcher 20545 | -2/Protoforge | Found Prototype Protection 20545 | -2/Protoforge | Identified Cep. RG22 Armor 20600 | -2/Protoforge | Found Prototype Protection 20600 | -2/Protoforge | Identified Cep. Core Shell 20603 | -2/Protoforge | Found Prototype Device 20603 | -2/Protoforge | Identified Cep. Phase Shift Module 20728 | -2/Protoforge | Destroyed 10 combat bots 20980 | -2/Protoforge | Spotted Decapitator 20980 | -2/Protoforge | Spotted Decapitator 20980 | -2/Protoforge | Spotted Decapitator 20980 | -2/Protoforge | Spotted Decapitator 21015 | -2/Protoforge | Destroyed Decapitator 21017 | -2/Protoforge | Destroyed Decapitator 21101 | -2/Protoforge | Found Prototype Power Core 21101 | -2/Protoforge | Identified Cep. Zero-point Core 21119 | -2/Protoforge | Forge Plexus network access discovered 21122 | -2/Protoforge | First assault squad dispatched 21125 | -2/Protoforge | Spotted V130-z 21150 | -2/Protoforge | Found Cep. Zero-point Core 21305 | -2/Protoforge | Build established: Scavenger-Gladiator 21359 | -2/Protoforge | Found Cep. NT7 Matterbank 21363 | -2/Protoforge | Found Cep. Chromion Battery 21389 | -2/Protoforge | Found Cep. Antigrav Storage Unit 21420 | -2/Protoforge | Found Cep. Chromion Battery 21491 | -2/Protoforge | Destroyed AP7-3 21507 | -2/Protoforge | Destroyed AP7-3 21569 | -2/Protoforge | Found Cep. Dimensional Manipulator 21572 | -2/Protoforge | Found Cep. Impact Drone Bay 21575 | -2/Protoforge | Found Cep. Cloak Mesh 21579 | -2/Protoforge | Found Faulty Cep. Cloak Mesh 21584 | -2/Protoforge | Found Cep. Thermoelectric Network 21769 | -2/Protoforge | Destroyed 7 combat bots 21796 | -2/Protoforge | Build established: Scavenger-Mutant 21864 | -2/Protoforge | Spotted Immortal 21864 | -2/Protoforge | Spotted Immortal 21894 | -2/Protoforge | Destroyed Immortal 21906 | -2/Protoforge | Found Corrupted Exp. Jetlance 21941 | -2/Protoforge | Destroyed Immortal 21949 | -2/Protoforge | Spotted V615-p 21959 | -2/Protoforge | Spotted V786-i 21969 | -2/Protoforge | Destroyed V786-i 21972 | -2/Protoforge | Found Cep. Plasma Driver 21997 | -2/Protoforge | Found Faulty Cep. Melee Reflex Suite 22010 | -2/Protoforge | Found Faulty Cep. Melee Reflex Suite 22025 | -2/Protoforge | Found Cep. Gyrokinetic System 22037 | -2/Protoforge | Found Faulty Exp. Force Booster 22041 | -2/Protoforge | Found Exp. Shield Generator 22053 | -2/Protoforge | Found Faulty Exp. Force Booster 22069 | -2/Protoforge | Found Cep. Weapon Articulator 22138 | -2/Protoforge | Core integrity fell below 50% 22159 | -2/Protoforge | Destroyed 7 combat bots 22163 | -2/Protoforge | Lost 3 parts (2n1u) 22331 | -2/Protoforge | Found Cep. Biometal Exoskeleton 22346 | -2/Protoforge | Destroyed 10 combat bots 22350 | -2/Protoforge | Found Cep. Fieldthrust Drive 22495 | -2/Protoforge | Spotted Decapitator 22496 | -2/Protoforge | Spotted Decapitator 22500 | -2/Protoforge | Destroyed Decapitator 22500 | -2/Protoforge | Spotted Decapitator 22507 | -2/Protoforge | Destroyed Decapitator 22510 | -2/Protoforge | Spotted V985-z 22510 | -2/Protoforge | Spotted V423-s 22594 | -2/Protoforge | Found Cep. Fieldthrust Drive 22598 | -2/Protoforge | Found Faulty Cep. Fieldthrust Drive 22675 | -2/Protoforge | Found Faulty Cep. Plasma Driver 22685 | -2/Protoforge | Found Faulty Exp. Jetlance 22716 | -2/Protoforge | Found Faulty Cep. Plasma Driver 22865 | -2/Protoforge | Warped through subspace to slip node 22866 | -2/Protoforge | Found Cep. Deflector Sword 22867 | -2/Protoforge | Entered Access 22867 | -1/Access | Evolved 2 slots: Utility x2 22868 | -1/Access | Loaded intel: 80 trap records 22913 | -1/Access | Found Exp. Core Analyzer 22959 | -1/Access | Identified exit to Command 22979 | -1/Access | Unchained authorized (DW-4LL) 22993 | -1/Access | Used Subatomic Replicator to replicate Cep. Impact Drone Bay 23117 | -1/Access | First assault squad dispatched 23294 | -1/Access | DW-4LL burst out of a wall 23294 | -1/Access | Spotted DW-4LL 23309 | -1/Access | Destroyed DW-4LL 23312 | -1/Access | Found Prototype Processor 23312 | -1/Access | Identified Zeronet Interface 23314 | -1/Access | Found Exp. Armor Integrity Analyzer 23624 | -1/Access | Build established: Ninja 23851 | -1/Access | Entered Command 23855 | -1/Command | Found Unknown Protection 23855 | -1/Command | Identified Imp. Powered Armor 23862 | -1/Command | Found Imp. Powered Armor 23886 | -1/Command | Spotted M Guard 23886 | -1/Command | Spotted M Guard 23886 | -1/Command | Spotted Combat Programmer 23930 | -1/Command | Met MAIN.C 23936 | -1/Command | Destroyed MAIN.C Shell 23936 | -1/Command | 0b10 Conduit disabled 23938 | -1/Command | MAIN.C activated Command garrisons 23954 | -1/Command | Destroyed MAIN.C 23956 | -1/Command | Discovered new exit (range 28) 23956 | -1/Command | Discovered new exit (range 89) 23956 | -1/Command | Extracted map data and part IDs from MAIN.C's data core 23957 | -1/Command | Spotted Combat Programmer 23958 | -1/Command | Found Centrium Heavy Armor Plating 23971 | -1/Command | Lost 3 parts (1n1u1w) 24044 | -1/Command | Found Exp. System Purifier 24141 | -1/Command | Build established: Sprinter 24580 | -1/Command | Found Exp. Phase Shifter 24581 | -1/Command | Found Exp. Weapon Cycler 24583 | -1/Command | Found Zero-point Reactor 24768 | -1/Command | Warped through subspace to slip node 24768 | -1/Command | Discovered new exit (range 5) 24772 | -1/Command | Entered Access_0 24773 | -1/Access_0 | Met Architect 24782 | -1/Access_0 | Destroyed A8 24785 | -1/Access_0 | Architect warped through subspace 24829 | -1/Access_0 | A6 warped into view 24835 | -1/Access_0 | Destroyed A6 24839 | -1/Access_0 | Found Corrupted Exp. Actuator Array 24859 | -1/Access_0 | Architect warped through subspace 24881 | -1/Access_0 | Subspace Access Node disabled 24890 | -1/Access_0 | A5 warped into view 24909 | -1/Access_0 | Architect warped through subspace 24918 | -1/Access_0 | Destroyed A5 24931 | -1/Access_0 | Subspace Access Node disabled 24946 | -1/Access_0 | Destroyed A2 24947 | -1/Access_0 | Extracted Singularity Gate Test 138-C access codes from A2's data core 24962 | -1/Access_0 | Architect warped through subspace 24967 | -1/Access_0 | Subspace Access Node disabled 24988 | -1/Access_0 | Subspace Access Node disabled 25003 | -1/Access_0 | Found Integrity Redistributor 25003 | -1/Access_0 | Used Integrity Redistributor, redistributed integrity from core (-190) 25018 | -1/Access_0 | A4 warped into view 25044 | -1/Access_0 | Destroyed A4 25065 | -1/Access_0 | Destroyed 9 combat bots 25067 | -1/Access_0 | Found Hpw. Transdimensional Reconstructor 25210 | -1/Access_0 | Started Test 138-B, establishing a local singularity 25211 | -1/Access_0 | Architect triggered a singularity event 25211 | -1/Access_0 | Singularity Gate disabled 25220 | -1/Access_0 | Found Sigix Corpse 25275 | -1/Access_0 | Found Core Expander 25275 | -1/Access_0 | Installed Core Expander, added new Weapon slot 25294 | -1/Access_0 | A3 warped into view 25316 | -1/Access_0 | Core integrity fell below 50% 25332 | -1/Access_0 | Destroyed A3 25334 | -1/Access_0 | Found Prototype Device 25334 | -1/Access_0 | Identified ST Field Compressor 25350 | -1/Access_0 | Found Integrated Mediator 25350 | -1/Access_0 | Installed Integrated Mediator, increased core attachment efficiency 25353 | -1/Access_0 | Lost 5 parts (2n3u) 25363 | -1/Access_0 | Warped through subspace to slip node 25363 | -1/Access_0 | Discovered new exit (range 8) 25378 | *** | Establishing 0b11! Last Messages --------------- 25329_ A3 suffers critical hit (Impale). 25330_ HV Slug penetrates Wall. 25330_ HV Slug penetrates Earth. 25332_ A3: "How even..." 25332_ A3 destroyed. 25334_ Acquired Prototype Device. 25334_ Identified ST Field Compressor. 25336_ Acquired 10 matter. 25337_ Acquired Exp. Energy Well. 25338_ Acquired 10 matter. 25345_ Plasma Slug penetrates Wall. 25345_ Workstation disabled. 25350_ Acquired Integrated Mediator. 25350_ Integrated Mediator installed, core attachment efficiency improved. 25357_ Reinforced Shell breached. 25361_ Acquired Electron Diverter. 25363_ Warped through subspace, drawn to slip node. 25363_ EXIT=FOUND 25366_ Dimensional Slip Node implodes. 25368_ The unstable cave ceiling collapses. Map ----- +----------------------------------------------------+ | | | | | | | | | | | | | | | | | | | | | | | | | | | | | | | | | ?????????????????????????????????????????????????? | | ?????????????????????????????????????????????????? | | ?????????????????????????????????????????????????? | | ?????????????????????????????????????????????????? | | ?????????????????????????????????????????????????? | | ?????????????????????????????????????????????????? | | ????????????????????????###??????????????????????? | | ???????????????????????## ##?????????????????????? | | ???????????????????????# #?????????????????????? | | ???????????????????????# @ #?????????????????????? | | ??????????????????????## #?????????????????????? | | ??????????????????????# #?????????????????????? | | ???????????????????? ?????????????????????? | | ???????????????????# # ????????????????????? | | ??????????????????## ???????????????????? | | ??????????????????# # ???????????????????? | | ??????????????????# # #??????????????????? | | ??????????????????# # ?#??????????????????? | | ??????????????????# ???????????????????? | | ??????????????????### ##???????????????????? | | ???????????????????# # #???????????????????? | | ???????????????????### ####???????????????????? | | ?????????????????????######??????????????????????? | | ?????????????????????????????????????????????????? | | ?????????????????????????????????????????????????? | | ?????????????????????????????????????????????????? | | ?????????????????????????????????????????????????? | | ?????????????????????????????????????????????????? | | ?????????????????????????????????????????????????? | | ?????????????????????????????????????????????????? | | ?????????????????????????????????????????????????? | | ?????????????????????????????????????????????????? | | ?????????????????????????????????????????????????? | | ?????????????????????????????????????????????????? | +----------------------------------------------------+ Best States ------------- Heat Dissipation 193 Energy Generation 71 Energy Capacity 1670 Matter Stores 300 Matter Capacity 300 Sight Range 23 Robot Scan Range 16 Terrain Scan Density 10 Jamming Range 16 Cloak Strength 9 Additional Mass Support 30 Base Temperature (-) 200 Corruption Block 20 Armor Coverage 1600 Resistance: KI 30 Resistance: EM 90 Core Shielding 90 Propulsion Shielding 90 Utility Shielding 90 Weapon Shielding 90 Projectile Deflection 15 Melee Speed Boost 50 Phase Shifting 20 Evasion (%) 100 Targeting Accuracy 30 Melee Accuracy 12 Target Analysis 12 Core Analysis 8 Armor Integrity Analysis 50 Recoil Reduction 8 Force Boost 50 Salvage Targeting 4 Offensive Hacking 52 Defensive Hacking 12 Authchip Count 3 Trap Extractor Capacity 8 Item Schematics ----------------- Hcp. Storage Unit | -10/Materials | Hacked Imp. VTOL Module | -8/Materials | Scanalyzed Lgt. Cannon | -7/Storage | Hacked Deep Structural Scanner | -5/Factory | Extrapolated Energy Deflector | -5/Upper Caves | Extrapolated 0b10 Decoder Chip [Skirmisher] | -5/Upper Caves | Extrapolated Mak. Medium Armor Plating | -5/Upper Caves | Extrapolated Machine Rigger | -5/Upper Caves | Extrapolated Hvy. Beamcaster | -5/Upper Caves | Extrapolated 0b10 Decoder Chip [Generic] | -5/Upper Caves | Extrapolated 0b10 Decoder Chip [Scout] | -5/Upper Caves | Extrapolated Plasma Flamer | -5/Warlord | Extrapolated Mak. Power Source | -5/Warlord | Extrapolated Mak. Coolant Network | -5/Warlord | Extrapolated Tactical Coordination Suite | -5/Warlord | Extrapolated Mak. Heavy Armor Plating | -4/Proximity Caves | Extrapolated Mak. Thermal Plating | -4/Proximity Caves | Extrapolated Mak. Ablative Armor | -4/Proximity Caves | Extrapolated Mak. Laser | -4/Proximity Caves | Extrapolated Mapping Drone Bay | -4/Factory | Extrapolated Mak. Kinetic Plating | -4/Factory | Extrapolated Hvy. Battle Rifle | -4/Waste | Extrapolated CPS Tube | -4/Factory | Scanalyzed Mak. Trap Scanner | -4/Upper Caves | Extrapolated Assault Drone Bay | -4/Zhirov | Free Exp. Heat Sink | -4/Zhirov | Free Exp. Optical Array | -4/Zhirov | Free Imp. Arc Thrower | -4/Zhirov | Free Mak. Targeting Computer | -4/Zhirov | Extrapolated Mak. Flight Unit | -3/Proximity Caves | Extrapolated Mak. Salvage Targeting Computer | -3/Proximity Caves | Extrapolated Mak. Propulsion Shielding | -3/Proximity Caves | Extrapolated Mak. Hacking Suite | -3/Proximity Caves | Extrapolated Beamcaster | -3/Proximity Caves | Extrapolated Bore Cannon | -3/Proximity Caves | Extrapolated Heat Bomb Trap | -3/Proximity Caves | Extrapolated Multitool | -3/Research | Extrapolated Mak. Hammer | -3/Research | Extrapolated Adv. Particle Accelerator | -3/Research | Hacked Vibroblade | -3/Research | Scanalyzed Q-thruster | -3/Research | Hacked Enh. Nova Cannon | -3/Research | Hacked Exp. Utility Shielding | -3/Research | Hacked Exp. Hacking Suite | -3/Research | Hacked Imp. Quantum Reactor | -3/Research | Hacked Adv. EM Shield | -3/Testing | Archive Exp. Cooling System | -3/Testing | Archive Prc. Phase Gun | -3/Testing | Archive Hvy. Dispersion Rifle | -3/Testing | Archive Cld. Gravmag System | -3/Testing | Archive Cmb. Linear Gravjet | -2/Research | Hacked Femtoactuators | -2/Research | Hacked Adv. Force Booster | -2/Research | Hacked Centrium Heavy Armor Plating | -2/Quarantine | Scanalyzed Exp. Core Analyzer | -2/Protoforge | Archive Hds. Centrium Wheel | -2/Protoforge | Archive Exp. Target Analyzer | -2/Protoforge | Archive Robot Schematics ------------------ C-55 Analyst | -2/Protoforge | Archive T-07 Excavator | -2/Protoforge | Archive A-02 Transporter | -2/Protoforge | Archive Fabricated ------------ Deep Structural Scanner | x1 | -3/Testing | Authchip Multitool | x1 | -3/Testing Femtoactuators | x1 | -2/Research | Authchip Femtoactuators | x1 | -2/Research Femtoactuators | x1 | -2/Research Repaired ---------- Imp. VTOL Module | 4% | -8/Materials Mak. Power Source | 72% | -7/Factory Imp. Light Armor Plating | 72% | -7/Factory Cld. VTOL Module | 31% | -3/Testing Cld. Impulse Thruster | 26% | -2/Quarantine Studied --------- Hvy. Assault Rifle | -8/Materials | Hacked Lgt. Ion Engine | -8/Materials | Hacked Katana | -8/Materials | Hacked Arm. Treads | -8/Materials | Hacked Hvy. EM Pulse Gun | -8/Materials | Hacked Field Propulsion Drive | -4/Factory | Hacked Lance | -4/Factory | Hacked Impulse Thruster Array | -3/Research | Hacked Impulse Thruster | -3/Research | Hacked Q-thruster | -3/Research | Hacked Field Propulsion Array | -3/Research | Hacked Com. HERF Cannon | -3/Research | Hacked Fusion Bomb Launcher | -3/Research | Hacked Xenon Bombardment Thruster | -3/Research | Hacked Enh. Nova Cannon | -2/Quarantine | Hacked Imp. Antigrav System | -2/Quarantine | Hacked Alien Tech Used ----------------- Integrated Reactor Dimensional Node Initializer Transdimensional Reconstructor Subatomic Replicator Integrity Redistributor Core Expander Integrated Mediator High-powered Transdimensional Reconstructor Achievements -------------- Fight Me IRL Challenges ------------ None Game ------ Seed TargetZipDeconstructor Manual? 0 Play Time 09:28:36 Cumulative 1777.3 hours Start 2026.09.05 @ 09:52:30 End 2026.09.06 @ 00:54:12 Sessions 3 Manual Loads 0 Difficulty Rogue Special Mode None Game No. 536 Rogue 528 Adventurer 4 Explorer 4 Win Type 1 Total 71 Types 31/10/5/4/2/5/7/2/3/2 Lore% 97 Gallery% 96 Achievement% 92 Wizard Run 0 Options --------- Layout 0 ASCII 0 Keyboard 0 Movement Numpad Keybinds 0 Fullscreen 2 Font 18/SmallcapsGlow Map View 76x50 Zoom Use 3% Tactical HUD 1 Map Filters NONE Filters NONE Steam 1 RUN: b7db6527-4206-4d25-b9ec-fba840c94c15